Workbook

Sheet PLANILHA ORÇAMENTÁRIA
B1: PREFEITURA MUNICIPAL DE JOÃO NEIVA
B2: PLANILHA ORÇAMENTÁRIA
B3: OBRA: CONSTRUÇÃO DO CRAS NO MUNICÍPIO DE JOÃO NEIVA | E3: L. SOCIAIS: | F3: 1.5727 | G3: TABELA DE REFERÊNCIA: DER/ES
B4: LOCAL: JOÃO NEIVA-ES | E4: BDI: | F4: 0.3196 | H4: DATA-BASE: | I4: ABR/21
B5: ORÇAMENTISTA: JEFYSON SILVA LOUREIRO - ENGENHEIRO CIVIL - CREA/ES 0047233/D
A6: ITEM | B6: CÓDIGO | C6: ORGÃO | D6: DESCRIÇÃO SERVIÇO | E6: UNIDADE | F6: QUANTIDADE | G6: CUSTO (R$)
G7: UNITÁRIO | H7: UNITÁRIO C/ BDI | I7: TOTAL
A8: 1 | B8: 01 | D8: SERVIÇOS PRELIMINARES
A9: 1.1 | B9: 0102 | C9: DER-ES | D9: DEMOLIÇÕES E RETIRADAS | I9: =TRUNC(ROUND(F9*H9,2),2) -> 0
A10: 1.1.1 | B10: 010209 | C10: DER-ES | D10: Demolição de alvenaria | E10: m3 | F10: =MC!J11 -> 8.16405 | G10: 44.72 | H10: =TRUNC(ROUND(G10*1.3196,2),2) -> 59.01 | I10: =TRUNC(ROUND(F10*H10,2),2) -> 481.76
A11: 1.1.2 | B11: 010210 | C11: DER-ES | D11: Demolição manual de concreto simples (EMOP 05.001.001) | E11: m3 | F11: =MC!J17 -> 9.831285 | G11: 209.92 | H11: =TRUNC(ROUND(G11*1.3196,2),2) -> 277.01 | I11: =TRUNC(ROUND(F11*H11,2),2) -> 2723.36
A12: 1.1.3 | B12: 010224 | C12: DER-ES | D12: Retirada de grades, gradis, alambrados, cercas e portões | E12: m2 | F12: =MC!J23 -> 51.135 | G12: 13.12 | H12: =TRUNC(ROUND(G12*1.3196,2),2) -> 17.31 | I12: =TRUNC(ROUND(F12*H12,2),2) -> 885.15
A13: 1.1.4 | B13: 010255 | C13: DER-ES | D13: Remoção de telhas cerâmicas, tipo colonial, inclusive cumeeiras | E13: m2 | F13: =MC!J27 -> 42.833 | G13: 17.91 | H13: =TRUNC(ROUND(G13*1.3196,2),2) -> 23.63 | I13: =TRUNC(ROUND(F13*H13,2),2) -> 1012.14
A14: 1.1.5 | B14: 010325 | C14: DER-ES | D14: Demolição de estrutura de madeira para telhado | E14: m2 | F14: =MC!J31 -> 42.833 | G14: 21.93 | H14: =TRUNC(ROUND(G14*1.3196,2),2) -> 28.94 | I14: =TRUNC(ROUND(F14*H14,2),2) -> 1239.59
A15: 1.2 | B15: 0104 | C15: DER-ES | D15: LIMPEZA DO TERRENO | H15: =TRUNC(ROUND(G15*1.3196,2),2) -> 0 | I15: =TRUNC(ROUND(F15*H15,2),2) -> 0
A16: 1.2.1 | B16: 010401 | C16: DER-ES | D16: Corte de capoeira fina, a foice (manual) | E16: m2 | F16: =MC!J36 -> 336.27 | G16: 1.02 | H16: =TRUNC(ROUND(G16*1.3196,2),2) -> 1.35 | I16: =TRUNC(ROUND(F16*H16,2),2) -> 453.96
A17: 1.2.2 | B17: 010402 | C17: DER-ES | D17: Raspagem e limpeza do terreno (manual) | E17: m2 | F17: =MC!J40 -> 336.27 | G17: 3.28 | H17: =TRUNC(ROUND(G17*1.3196,2),2) -> 4.33 | I17: =TRUNC(ROUND(F17*H17,2),2) -> 1456.05
A18: 1.2.3 | B18: 010403 | C18: DER-ES | D18: Corte e destocamento de árvores com diâmetro de até 15 cm | E18: und | F18: =MC!J44 -> 7 | G18: 39.36 | H18: =TRUNC(ROUND(G18*1.3196,2),2) -> 51.94 | I18: =TRUNC(ROUND(F18*H18,2),2) -> 363.58
A19: 1.2.4 | B19: 010404 | C19: DER-ES | D19: Corte e destocamento de árvores com diâmetro superior a 30 cm | E19: und | F19: =MC!J48 -> 22 | G19: 97.88 | H19: =TRUNC(ROUND(G19*1.3196,2),2) -> 129.16 | I19: =TRUNC(ROUND(F19*H19,2),2) -> 2841.52
A20: 1.3 | B20: 0105 | C20: DER-ES | D20: LOCAÇÃO DE OBRA | H20: =TRUNC(ROUND(G20*1.3196,2),2) -> 0 | I20: =TRUNC(ROUND(F20*H20,2),2) -> 0
A21: 1.3.1 | B21: 010501 | C21: DER-ES | D21: Locação de obra com gabarito de madeira | E21: m2 | F21: =MC!J52 -> 160.74 | G21: 9.11 | H21: =TRUNC(ROUND(G21*1.3196,2),2) -> 12.02 | I21: =TRUNC(ROUND(F21*H21,2),2) -> 1932.09
D22: SUB-TOTAL 01 | I22: =SUM(I9:I21) -> 13389.2
A23: 2 | B23: 02 | D23: INSTALAÇÃO DO CANTEIRO DE OBRAS
A24: 2.1 | B24: 0203 | C24: DER-ES | D24: TAPUMES, BARRACÕES E COBERTURAS | H24: =TRUNC(ROUND(G24*1.3196,2),2) -> 0 | I24: =TRUNC(ROUND(F24*H24,2),2) -> 0
A25: 2.1.1 | B25: 020305 | C25: DER-ES | D25: Placa de obra nas dimensões de 2.0 x 4.0 m, padrão IOPES | E25: m2 | F25: =MC!J58 -> 8 | G25: 285.33 | H25: =TRUNC(ROUND(G25*1.3196,2),2) -> 376.52 | I25: =TRUNC(ROUND(F25*H25,2),2) -> 3012.16
A26: 2.1.2 | B26: 020350 | C26: DER-ES | D26: Tapume Telha Metálica Ondulada em aço galvalume 0,50mm Branca h=2,20m, incl. montagem estr. mad.8"x8", c/adesivo "IOPES" 60x60cm a cada 10m, incl. faixas pint. esmalte sint. cores azul c/ h=30cm e rosa c/ h=10cm (Reaproveitamento 2x) | E26: m | F26: =MC!J63 -> 40.61 | G26: 175.26 | H26: =TRUNC(ROUND(G26*1.3196,2),2) -> 231.27 | I26: =TRUNC(ROUND(F26*H26,2),2) -> 9391.87
A27: 2.1.3 | B27: 020346 | C27: DER-ES | D27: Locação de andaime metálico para fachada - tipo torre (aluguel mensal) | E27: m | F27: =MC!J67 -> 54 | G27: 7.73 | H27: =TRUNC(ROUND(G27*1.3196,2),2) -> 10.2 | I27: =TRUNC(ROUND(F27*H27,2),2) -> 550.8
A28: 2.2 | B28: 0207 | C28: DER-ES | D28: INSTALAÇÃO DO CANTEIRO DE OBRAS (UTILIZAÇÃO 1 VEZ), PROJETO PADRÃO LABOR - NR.18 (OBRAS COM PRAZO DE EXECUÇÃO SUPERIOR A 12 MESES) | H28: =TRUNC(ROUND(G28*1.3196,2),2) -> 0 | I28: =TRUNC(ROUND(F28*H28,2),2) -> 0
A29: 2.2.1 | B29: 020713 | C29: DER-ES | D29: Rede de luz, incl. padrão entrada de energia trifás., cabo de ligação até barracões, quadro de distrib., disj. e chave de força (quando necessário), cons. 20m entre padrão entrada e QDG, conf. projeto (1 utilização) | E29: m | F29: =MC!J72 -> 20 | G29: 603.46 | H29: =TRUNC(ROUND(G29*1.3196,2),2) -> 796.33 | I29: =TRUNC(ROUND(F29*H29,2),2) -> 15926.6
A30: 2.2.2 | B30: 020714 | C30: DER-ES | D30: Rede de esgoto, contendo fossa e filtro, inclusive tubos e conexões de ligação entre caixas, considerando distância de 25m, conforme projeto (1 utilização) | E30: m | F30: =MC!J76 -> 25 | G30: 329.4 | H30: =TRUNC(ROUND(G30*1.3196,2),2) -> 434.68 | I30: =TRUNC(ROUND(F30*H30,2),2) -> 10867
A31: 2.3 | B31: 0208 | C31: DER-ES | D31: INSTALAÇÃO DO CANTEIRO DE OBRAS (UTILIZAÇÃO 2 VEZES), PROJETO PADRÃO LABOR NR.18 (OBRAS COM PRAZO DE EXECUÇÃO DE 6 A 12 MESES) | H31: =TRUNC(ROUND(G31*1.3196,2),2) -> 0 | I31: =TRUNC(ROUND(F31*H31,2),2) -> 0
A32: 2.3.1 | B32: 020801 | C32: DER-ES | D32: Barracão para escritório com sanitário área 14.50m2, de chapa de compens. 12mm e pontalete 8x8cm, piso cimentado e cobertura de telha de fibroc. 6mm, incl. ponto de luz e cx. de inspeção, conf. projeto (2 utilizações) | E32: m2 | F32: =MC!J80 -> 14.5 | G32: 509.18 | H32: =TRUNC(ROUND(G32*1.3196,2),2) -> 671.91 | I32: =TRUNC(ROUND(F32*H32,2),2) -> 9742.7
A33: 2.3.2 | B33: 020802 | C33: DER-ES | D33: Barracão para almoxarifado área de 10.90m2, de chapa de compensado 12mm e pontaletes 8x8cm, piso cimentado e cobertura de telha de fibrocimento de 6mm, inclusive ponto de luz, conf. projeto (2 utilizações) | E33: m2 | F33: =MC!J84 -> 10.9 | G33: 362.32 | H33: =TRUNC(ROUND(G33*1.3196,2),2) -> 478.12 | I33: =TRUNC(ROUND(F33*H33,2),2) -> 5211.51
A34: 2.3.3 | B34: 020804 | C34: DER-ES | D34: Refeitório com paredes de chapa de compens. 12mm e pontaletes 8x8cm, piso ciment. e cobert. de telhas fibroc. 6mm, incl. ponto de luz e cx. de inspeção (cons. 1.21m2/func./turno), conf. projeto (2 utilizações) | E34: m2 | F34: =MC!J88 -> 20 | G34: 313.84 | H34: =TRUNC(ROUND(G34*1.3196,2),2) -> 414.14 | I34: =TRUNC(ROUND(F34*H34,2),2) -> 8282.8
A35: 2.3.4 | B35: 020805 | C35: DER-ES | D35: Unidade de sanitário e vestiário para até 20 func. área 18.15m2, paredes de chapa compens. 12mm e pontalete 8x8cm, piso cimentado, cobert. telha fibroc. 6mm, incl. inst. de luz e cx. de inspeção, conf. projeto (2 utilizações) | E35: und | F35: =MC!J92 -> 1 | G35: 9951.19 | H35: =TRUNC(ROUND(G35*1.3196,2),2) -> 13131.59 | I35: =TRUNC(ROUND(F35*H35,2),2) -> 13131.59
A36: 2.3.5 | B36: 020809 | C36: DER-ES | D36: Galpão para corte e armação com área de 6.00m2, de peças de madeira 8x8cm e contraventamento de 5x7cm, cobertura de telhas de fibroc. de 6mm, inclusive ponto e cabo de alimentação da máquina, conf.projeto (2 utilizações) | E36: m2 | F36: =MC!J96 -> 6 | G36: 165.43 | H36: =TRUNC(ROUND(G36*1.3196,2),2) -> 218.3 | I36: =TRUNC(ROUND(F36*H36,2),2) -> 1309.8
A37: 2.3.6 | B37: 020811 | C37: DER-ES | D37: Reservatório de poliestileno de 1000 L, inclusive suporte em madeira de 7x12cm e 5x7cm, elevado de 4m, conforme projeto (2 utilizações) | E37: und | F37: =MC!J100 -> 1 | G37: 2059.16 | H37: =TRUNC(ROUND(G37*1.3196,2),2) -> 2717.27 | I37: =TRUNC(ROUND(F37*H37,2),2) -> 2717.27
A38: 2.3.7 | B38: 020812 | C38: DER-ES | D38: Rede de água, com padrão de entrada d'água diâm. 3/4", conf. espec. CESAN, incl. tubos e conexões para alimentação, distribuição, extravasor e limpeza, cons. o padrão a 25m, conf. projeto (2 utilizações) | E38: m | F38: =MC!J104 -> 25 | G38: 28.36 | H38: =TRUNC(ROUND(G38*1.3196,2),2) -> 37.42 | I38: =TRUNC(ROUND(F38*H38,2),2) -> 935.5
D39: SUB-TOTAL 02 | I39: =SUM(I24:I38) -> 81079.6
A40: 3 | B40: 03 | D40: MOVIMENTO DE TERRA
A41: 3.1 | B41: 0301 | C41: DER-ES | D41: ESCAVAÇÕES | H41: =TRUNC(ROUND(G41*1.3196,2),2) -> 0 | I41: =TRUNC(ROUND(F41*H41,2),2) -> 0
A42: 3.1.1 | B42: 030101 | C42: DER-ES | D42: Escavação manual em material de 1a. categoria, até 1.50 m de profundidade | E42: m3 | F42: =MC!J121 -> 102.23715 | G42: 42.64 | H42: =TRUNC(ROUND(G42*1.3196,2),2) -> 56.27 | I42: =TRUNC(ROUND(F42*H42,2),2) -> 5752.88
A43: 3.2 | B43: 0302 | C43: DER-ES | D43: REATERRO E COMPACTAÇÃO | H43: =TRUNC(ROUND(G43*1.3196,2),2) -> 0 | I43: =TRUNC(ROUND(F43*H43,2),2) -> 0
A44: 3.2.1 | B44: 030201 | C44: DER-ES | D44: Reaterro apiloado de cavas de fundação, em camadas de 20 cm | E44: m3 | F44: =MC!J128 -> 85.1095 | G44: 45.92 | H44: =TRUNC(ROUND(G44*1.3196,2),2) -> 60.6 | I44: =TRUNC(ROUND(F44*H44,2),2) -> 5157.64
A45: 3.2.2 | B45: 030208 | C45: DER-ES | D45: Aterro manual para regularização do terreno em argila, inclusive adensamento manual e fornecimento do material (máximo de 100m3) | E45: m3 | F45: =MC!J133 -> 175.351 | G45: 119.71 | H45: =TRUNC(ROUND(G45*1.3196,2),2) -> 157.97 | I45: =TRUNC(ROUND(F45*H45,2),2) -> 27700.2
A46: 3.3 | B46: 0303 | C46: DER-ES | D46: TRANSPORTES | H46: =TRUNC(ROUND(G46*1.3196,2),2) -> 0 | I46: =TRUNC(ROUND(F46*H46,2),2) -> 0
A47: 3.3.1 | B47: 030304 | C47: DER-ES | D47: Índice de preço para remoção de entulho decorrente da execução de obras (Classe A CONAMA - NBR10.004 - Classe II-B), incluindo aluguel da caçamba, carga, transporte e descarga em área licenciada | E47: m3 | F47: =MC!J150 -> 143.40321 | G47: 51.77 | H47: =TRUNC(ROUND(G47*1.3196,2),2) -> 68.32 | I47: =TRUNC(ROUND(F47*H47,2),2) -> 9797.31
D48: SUB-TOTAL 03 | I48: =SUM(I41:I47) -> 48408.03
A49: 4 | B49: 04 | D49: ESTRUTURAS
A50: 4.1 | B50: 0402 | C50: DER-ES | D50: INFRA-ESTRUTURA (FUNDAÇÃO) | H50: =TRUNC(ROUND(G50*1.3196,2),2) -> 0 | I50: =TRUNC(ROUND(F50*H50,2),2) -> 0
A51: 4.1.1 | B51: 040206 | C51: DER-ES | D51: Fôrma de tábua de madeira de 2.5 x 30.0 cm para fundações, levando-se em conta a utilização 5 vezes (incluido o material, corte, montagem, escoramento e desforma) | E51: m2 | F51: =MC!J158 -> 305.63 | G51: 66.33 | H51: =TRUNC(ROUND(G51*1.3196,2),2) -> 87.53 | I51: =TRUNC(ROUND(F51*H51,2),2) -> 26751.79
A52: 4.1.2 | B52: 040231 | C52: DER-ES | D52: Fornecimento, preparo e aplicação de concreto magro com consumo mínimo de cimento de 250 kg/m3 (brita 1 e 2) - (5% de perdas já incluído no custo) | E52: m3 | F52: =MC!J173 -> 3.76765 | G52: 495.54 | H52: =TRUNC(ROUND(G52*1.3196,2),2) -> 653.91 | I52: =TRUNC(ROUND(F52*H52,2),2) -> 2463.7
A53: 4.1.3 | B53: 040240 | C53: DER-ES | D53: Fornecimento e aplicação de concreto USINADO Fck=25 MPa - considerando lançamento MANUAL para INFRA-ESTRUTURA (5% de perdas já incluído no custo) | E53: m3 | F53: =MC!J177 -> 34.13 | G53: 483.5 | H53: =TRUNC(ROUND(G53*1.3196,2),2) -> 638.03 | I53: =TRUNC(ROUND(F53*H53,2),2) -> 21775.96
A54: 4.1.4 | B54: 040243 | C54: DER-ES | D54: Fornecimento, dobragem e colocação em fôrma, de armadura CA-50 A média, diâmetro de 6.3 a 10.0 mm | E54: kg | F54: =MC!J181 -> 812.88 | G54: 13.11 | H54: =TRUNC(ROUND(G54*1.3196,2),2) -> 17.3 | I54: =TRUNC(ROUND(F54*H54,2),2) -> 14062.82
A55: 4.1.5 | B55: 040245 | C55: DER-ES | D55: Fornecimento, dobragem e colocação em fôrma, de armadura CA-50 A grossa diâmetro de 12.5 a 25.0 mm | E55: kg | F55: =MC!J185 -> 601.02 | G55: 13.2 | H55: =TRUNC(ROUND(G55*1.3196,2),2) -> 17.42 | I55: =TRUNC(ROUND(F55*H55,2),2) -> 10469.77
A56: 4.1.6 | B56: 040246 | C56: DER-ES | D56: Fornecimento, dobragem e colocação em fôrma, de armadura CA-60 B fina, diâmetro de 4.0 a 7.0mm | E56: kg | F56: =MC!J189 -> 305.91 | G56: 15.64 | H56: =TRUNC(ROUND(G56*1.3196,2),2) -> 20.64 | I56: =TRUNC(ROUND(F56*H56,2),2) -> 6313.98
A57: 4.2 | B57: 0403 | C57: DER-ES | D57: SUPER-ESTRUTURA | H57: =TRUNC(ROUND(G57*1.3196,2),2) -> 0 | I57: =TRUNC(ROUND(F57*H57,2),2) -> 0
A58: 4.2.1 | B58: 040330 | C58: DER-ES | D58: Fornecimento e aplicação de concreto USINADO Fck=25 MPa - considerando BOMBEAMENTO (5% de perdas já incluído no custo) (6% de taxa p/concr.bombeavel) | E58: m3 | F58: =MC!J195 -> 37.8 | G58: 428.98 | H58: =TRUNC(ROUND(G58*1.3196,2),2) -> 566.08 | I58: =TRUNC(ROUND(F58*H58,2),2) -> 21397.82
A59: 4.2.2 | B59: 040328 | C59: DER-ES | D59: Fornecimento, dobragem e colocação em fôrma, de armadura CA-50 A média, diâmetro de 6.3 a 10.0 mm | E59: kg | F59: =MC!J200 -> 781.2 | G59: 13.11 | H59: =TRUNC(ROUND(G59*1.3196,2),2) -> 17.3 | I59: =TRUNC(ROUND(F59*H59,2),2) -> 13514.76
A60: 4.2.3 | B60: 040332 | C60: DER-ES | D60: Fornecimento, dobragem e colocação em fôrma, de armadura CA-50 A grossa, diâmetro de 12.5 a 25.0mm | E60: kg | F60: =MC!J205 -> 877.23 | G60: 13.2 | H60: =TRUNC(ROUND(G60*1.3196,2),2) -> 17.42 | I60: =TRUNC(ROUND(F60*H60,2),2) -> 15281.35
A61: 4.2.4 | B61: 040333 | C61: DER-ES | D61: Fornecimento, dobragem e colocação em fôrma, de armadura CA-60 B fina, diâmetro de 4.0 a 7.0mm | E61: kg | F61: =MC!J210 -> 451.35 | G61: 15.64 | H61: =TRUNC(ROUND(G61*1.3196,2),2) -> 20.64 | I61: =TRUNC(ROUND(F61*H61,2),2) -> 9315.86
A62: 4.2.5 | B62: 040337 | C62: DER-ES | D62: Fôrma em chapa de madeira compensada plastificada 12mm para estrutura em geral, 5 reaproveitamentos, reforçada com sarrafos de madeira 2.5x10cm (incl material, corte, montagem, escoras em eucalipto e desforma) | E62: m2 | F62: =MC!J215 -> 427.34 | G62: 87.37 | H62: =TRUNC(ROUND(G62*1.3196,2),2) -> 115.29 | I62: =TRUNC(ROUND(F62*H62,2),2) -> 49268.03
A63: 4.3 | B63: 0406 | C63: DER-ES | D63: LAJES PRÉ-MOLDADAS | H63: =TRUNC(ROUND(G63*1.3196,2),2) -> 0 | I63: =TRUNC(ROUND(F63*H63,2),2) -> 0
A64: 4.3.1 | B64: 040602 | C64: DER-ES | D64: Laje pré-fabricada treliçada, sobrecarga 300 Kg/m2, vão de 3.5m a 4.3m, capeamento 4cm, esp. 12cm, Fck = 150 Kg/cm2 | E64: m2 | F64: =MC!J260 -> 268.729 | G64: 107.36 | H64: =TRUNC(ROUND(G64*1.3196,2),2) -> 141.67 | I64: =TRUNC(ROUND(F64*H64,2),2) -> 38070.84
D65: SUB-TOTAL 04 | I65: =SUM(I50:I64) -> 228686.68
A66: 5 | B66: 05 | D66: PAREDES E PAINÉIS
A67: 5.1 | B67: 0502 | C67: DER-ES | D67: PLACAS E PAINÉIS DIVISÓRIOS | H67: =TRUNC(ROUND(G67*1.3196,2),2) -> 0 | I67: =TRUNC(ROUND(F67*H67,2),2) -> 0
A68: 5.1.1 | B68: 050205 | C68: DER-ES | D68: Divisória de granito com 3 cm de espessura, assentada com argamassa de cimento e areia no traço 1:3, na cor cinza | E68: m2 | F68: =MC!J268 -> 3.78 | G68: 384.22 | H68: =TRUNC(ROUND(G68*1.3196,2),2) -> 507.02 | I68: =TRUNC(ROUND(F68*H68,2),2) -> 1916.54
A69: 5.2 | B69: 0503 | C69: DER-ES | D69: VERGAS/CONTRAVERGA | H69: =TRUNC(ROUND(G69*1.3196,2),2) -> 0 | I69: =TRUNC(ROUND(F69*H69,2),2) -> 0
A70: 5.2.1 | B70: 050301 | C70: DER-ES | D70: Verga/contraverga reta de concreto armado 10 x 5 cm, Fck = 15 MPa, inclusive forma, armação e desforma | E70: m | F70: =MC!J335 -> 85.9 | G70: 8.83 | H70: =TRUNC(ROUND(G70*1.3196,2),2) -> 11.65 | I70: =TRUNC(ROUND(F70*H70,2),2) -> 1000.74
A71: 5.3 | B71: 0505 | C71: DER-ES | D71: ALVENARIA ESTRUTURAL | H71: =TRUNC(ROUND(G71*1.3196,2),2) -> 0 | I71: =TRUNC(ROUND(F71*H71,2),2) -> 0
A72: 5.3.1 | B72: 050501 | C72: DER-ES | D72: Alvenaria de blocos de concreto estrut. (14x19x39cm) cheios, c/ resist. mín. compr. 15MPa, assentados c/ arg. de cimento e areia no traço 1:4, esp. juntas 10mm e esp. da parede s/ revest. 14cm | E72: m2 | F72: =MC!J341 -> 5.5328 | G72: 94.68 | H72: =TRUNC(ROUND(G72*1.3196,2),2) -> 124.94 | I72: =TRUNC(ROUND(F72*H72,2),2) -> 691.27
A73: 5.4 | B73: 0506 | C73: DER-ES | D73: ALVENARIA DE VEDAÇÃO EMPREGANDO ARGAMASSA DE CIMENTO, CAL E AREIA | H73: =TRUNC(ROUND(G73*1.3196,2),2) -> 0 | I73: =TRUNC(ROUND(F73*H73,2),2) -> 0
A74: 5.4.1 | B74: 050605 | C74: DER-ES | D74: Alvenaria de blocos cerâmicos 10 furos 10x20x20cm, assentados c/argamassa de cimento, cal hidratada CH1 e areia traço 1:0,5:8, juntas 12mm e esp. das paredes s/revestimento, 10cm (bloco comprado na praça de Vitória, posto obra) | E74: m2 | F74: =MC!J405 -> 641.2482 | G74: 60.4 | H74: =TRUNC(ROUND(G74*1.3196,2),2) -> 79.7 | I74: =TRUNC(ROUND(F74*H74,2),2) -> 51107.48
D75: SUB-TOTAL 05 | I75: =SUM(I67:I74) -> 54716.03
A76: 6 | B76: 06 | D76: ESQUADRIAS DE MADEIRA
A77: 6.1 | B77: 0601 | C77: DER-ES | D77: MARCOS E ALIZARES | H77: =TRUNC(ROUND(G77*1.3196,2),2) -> 0 | I77: =TRUNC(ROUND(F77*H77,2),2) -> 0
A78: 6.1.1 | B78: 060102 | C78: DER-ES | D78: Marco de madeira de lei de 1ª (Peroba, Ipê, Angelim Pedra ou equivalente) com 15x3 cm de batente, nas dimensões de 0.70 x 2.10 m | E78: und | F78: =MC!J411 -> 4 | G78: 304.23 | H78: =TRUNC(ROUND(G78*1.3196,2),2) -> 401.46 | I78: =TRUNC(ROUND(F78*H78,2),2) -> 1605.84
A79: 6.1.2 | B79: 060108 | C79: DER-ES | D79: Marco de madeira de lei de 1ª (Peroba, Ipê, Angelim Pedra ou equivalente) com 15 x 3 cm de batente, nas dimensões de 0.90 x 2.10 m | E79: und | F79: =MC!J415 -> 17 | G79: 304.23 | H79: =TRUNC(ROUND(G79*1.3196,2),2) -> 401.46 | I79: =TRUNC(ROUND(F79*H79,2),2) -> 6824.82
A80: 6.1.3 | B80: COMP-01 | D80: Kit Porta de correr de madeira lisa 90,5 x 213 cm, Natural | E80: und | F80: =MC!J419 -> 2 | G80: ='COMP-01'!I30 -> 1022.2608 | H80: =TRUNC(ROUND(G80*1.3196,2),2) -> 1348.98 | I80: =TRUNC(ROUND(F80*H80,2),2) -> 2697.96
A81: 6.1.4 | B81: COMP-02 | D81: Kit Porta de correr de madeira lisa 100 x 210 cm, Natural | E81: und | F81: =MC!J423 -> 1 | G81: ='COMP-02'!I30 -> 1687.4875 | H81: =TRUNC(ROUND(G81*1.3196,2),2) -> 2226.81 | I81: =TRUNC(ROUND(F81*H81,2),2) -> 2226.81
A82: 6.2 | B82: 0613 | C82: DER-ES | D82: PORTA EM MADEIRA DE LEI TIPO ANGELIM PEDRA OU EQUIV.C/ENCHIMENTO EM MADEIRA 1A.QUALIDADE ESP. 30MM P/ PINTURA, INCLUSIVE ALIZARES, DOBRADIÇAS E FECHADURA EXTERNA, EXCLUSIVE MARCO | H82: =TRUNC(ROUND(G82*1.3196,2),2) -> 0
A83: 6.2.1 | B83: 061302 | C83: DER-ES | D83: Porta em madeira de lei tipo angelim pedra ou equiv.c/enchimento em madeira 1a.qualidade esp. 30mm p/ pintura, inclusive alizares, dobradiças e fechadura externa em latão cromado LaFonte ou equiv., exclusive marco, nas dim.: 0.70 x 2.10 m | E83: und | F83: =MC!J428 -> 4 | G83: 826.79 | H83: =TRUNC(ROUND(G83*1.3196,2),2) -> 1091.03 | I83: =TRUNC(ROUND(F83*H83,2),2) -> 4364.12
A84: 6.2.2 | B84: 061304 | C84: DER-ES | D84: Porta em madeira de lei tipo angelim pedra ou equiv.c/enchimento em madeira 1a.qualidade esp. 30mm p/ pintura, inclusive alizares, dobradiças e fechadura externa em latão cromado LaFonte ou equiv., exclusive marco, nas dim.: 0.90 x 2.10 m | E84: und | F84: =MC!J432 -> 17 | G84: 894.05 | H84: =TRUNC(ROUND(G84*1.3196,2),2) -> 1179.79 | I84: =TRUNC(ROUND(F84*H84,2),2) -> 20056.43
D85: SUB-TOTAL 06 | I85: =SUM(I77:I84) -> 37775.98
A86: 7 | B86: 07 | D86: ESQUADRIAS METÁLICAS
A87: 7.1 | B87: 0711 | C87: DER-ES | D87: GRADES E PORTÕES | H87: =TRUNC(ROUND(G87*1.3196,2),2) -> 0 | I87: =TRUNC(ROUND(F87*H87,2),2) -> 0
A88: 7.1.1 | B88: 071104 | C88: DER-ES | D88: Portão de ferro de abrir em barra chata, inclusive chumbamento | E88: m2 | F88: =MC!J439 -> 6.6 | G88: 485.73 | H88: =TRUNC(ROUND(G88*1.3196,2),2) -> 640.97 | I88: =TRUNC(ROUND(F88*H88,2),2) -> 4230.4
A89: 7.1.2 | B89: 071105 | C89: DER-ES | D89: Grade de ferro em barra chata, inclusive chumbamento | E89: m2 | F89: =MC!J450 -> 67.764 | G89: 293.83 | H89: =TRUNC(ROUND(G89*1.3196,2),2) -> 387.74 | I89: =TRUNC(ROUND(F89*H89,2),2) -> 26274.81
A90: 7.1.3 | B90: COMP-03 | D90: Gradil galvanizado revestido com pintura eletrostática na cor branca em poliéster, fixação sobre mureta conforme projeto, exclusive a mureta | E90: und | F90: =MC!J459 -> 1 | G90: ='COMP-03'!I34 -> 19547.872 | H90: =TRUNC(ROUND(G90*1.3196,2),2) -> 25795.37 | I90: =TRUNC(ROUND(F90*H90,2),2) -> 25795.37
A91: 7.2 | B91: 0717 | C91: DER-ES | D91: ESQUADRIAS METÁLICAS (M2) | H91: =TRUNC(ROUND(G91*1.3196,2),2) -> 0
A92: 7.2.1 | B92: 071701 | C92: DER-ES | D92: Janela de correr para vidro em alumínio anodizado cor natural, linha 25, completa, incl. puxador com tranca, alizar, caixilho e contramarco, exclusive vidro | E92: m2 | F92: =MC!J468 -> 50.52 | G92: 573.25 | H92: =TRUNC(ROUND(G92*1.3196,2),2) -> 756.46 | I92: =TRUNC(ROUND(F92*H92,2),2) -> 38216.36
A93: 7.2.2 | B93: COMP-04 | D93: Porta de correr de alumínio, com duas folhas para vidro, incluso vidro liso incolor, fechadura e puxador, sem alizar. | E93: m2 | F93: =MC!J472 -> 4.4 | G93: ='COMP-04'!I32 -> 417.84577 | H93: =TRUNC(ROUND(G93*1.3196,2),2) -> 551.39 | I93: =TRUNC(ROUND(F93*H93,2),2) -> 2426.12
D94: SUB-TOTAL 07 | I94: =SUM(I87:I93) -> 96943.06
A95: 8 | B95: 08 | D95: VIDROS E ESPELHOS
A96: 8.1 | B96: 0801 | C96: DER-ES | D96: VIDROS PARA ESQUADRIAS | H96: =TRUNC(ROUND(G96*1.3196,2),2) -> 0 | I96: =TRUNC(ROUND(F96*H96,2),2) -> 0
A97: 8.1.1 | B97: 080102 | C97: DER-ES | D97: Vidro plano transparente liso, com 4 mm de espessura | E97: m2 | F97: =MC!J483 -> 50.52 | G97: 271.33 | H97: =TRUNC(ROUND(G97*1.3196,2),2) -> 358.05 | I97: =TRUNC(ROUND(F97*H97,2),2) -> 18088.69
A98: 8.2 | B98: 0802 | C98: DER-ES | D98: ESPELHOS | H98: =TRUNC(ROUND(G98*1.3196,2),2) -> 0
A99: 8.2.1 | B99: 080201 | C99: DER-ES | D99: Espelho para banheiros espessura 4 mm, incluindo chapa compensada 10 mm, moldura de alumínio em perfil L 3/4", fixado com parafusos cromados | E99: m2 | F99: =MC!J491 -> 2.1 | G99: 581.11 | H99: =TRUNC(ROUND(G99*1.3196,2),2) -> 766.83 | I99: =TRUNC(ROUND(F99*H99,2),2) -> 1610.34
D100: SUB-TOTAL 08 | I100: =SUM(I96:I99) -> 19699.03
...

Sheet MC
B1: PREFEITURA MUNICIPAL DE JOÃO NEIVA
B2: MEMÓRIA DE CÁLCULO | I2: TABELA DE REFERÊNCIA:DER/ES
B3: OBRA: CONSTRUÇÃO DO CRAS NO MUNICÍPIO DE JOÃO NEIVA | G3: L. SOCIAIS: | H3: 1.5727
B4: LOCAL: JOÃO NEIVA-ES | G4: BDI: | H4: 0.2332 | I4: DATA-BASE: | J4: ABR/21
A5: ITEM | B5: DESCRIÇÃO SERVIÇO | C5: UNIDADE | D5: Qnt | E5: C (m) | F5: L (m) | G5: H (m) | H5: A(m2) | I5: V(m3) | J5: QUANT. DO SERVIÇO
A6: 1 | B6: SERVIÇOS PRELIMINARES
A7: 1.1 | B7: DEMOLIÇÕES E RETIRADAS
A8: 1.1.1 | B8: Demolição de alvenaria | C8: m3 | D8: Qnt | E8: C (m) | F8: L (m) | G8: H (m) | H8: A(m2) | I8: V(m3) | J8: QUANT. DO SERVIÇO
B9: Muro | E9: =14.05-2.6 -> 11.45 | F9: 0.15 | G9: 2.1 | I9: =E9*F9*G9 -> 3.60675 | J9: =I9 -> 3.60675
B10: Paredes garagem | E10: =10.15+3.66 -> 13.81 | F10: 0.15 | G10: 2.2 | I10: =E10*F10*G10 -> 4.5573 | J10: =I10 -> 4.5573
I11: Total | J11: =SUM(J9:J10) -> 8.16405
A13: 1.1.2 | B13: Demolição manual de concreto simples (EMOP 05.001.001) | C13: m3 | D13: Qnt | E13: C (m) | F13: L (m) | G13: H (m) | H13: A(m2) | I13: V(m3) | J13: QUANT. DO SERVIÇO
B14: Calçada | E14: 16.85 | F14: 1.53 | G14: 0.15 | I14: =E14*F14*G14 -> 3.867075 | J14: =I14 -> 3.867075
B15: Meio-fio | E15: 21.77 | F15: 0.12 | G15: 0.15 | I15: =E15*F15*G15 -> 0.39186 | J15: =I15 -> 0.39186
B16: Piso garagem | E16: 10.15 | F16: 3.66 | G16: 0.15 | I16: =E16*F16*G16 -> 5.57235 | J16: =I16 -> 5.57235
I17: Total | J17: =SUM(J14:J16) -> 9.831285
A19: 1.1.3 | B19: Retirada de grades, gradis, alambrados, cercas e portões | C19: m2 | D19: Qnt | E19: C (m) | F19: L (m) | G19: H (m) | H19: A(m2) | I19: V(m3) | J19: QUANT. DO SERVIÇO
B20: Portões ferro | E20: =4.6+3.2+3.8+5.85+3.5 -> 20.95 | G20: 2.1 | H20: =E20*G20 -> 43.995 | J20: =H20 -> 43.995
B21: Portão garagem | E21: 2.6 | G21: 2.1 | H21: =E21*G21 -> 5.46 | J21: =H21 -> 5.46
B22: Portão pedestres garagem | E22: 0.8 | G22: 2.1 | H22: =E22*G22 -> 1.68 | J22: =H22 -> 1.68
I23: Total | J23: =SUM(J20:J22) -> 51.135
A25: 1.1.4 | B25: Remoção de telhas cerâmicas, tipo colonial, inclusive cumeeiras | C25: m2 | D25: Qnt | E25: C (m) | F25: L (m) | G25: H (m) | H25: A(m2) | I25: V(m3) | J25: QUANT. DO SERVIÇO
B26: Cobertura garagem | E26: 10.55 | F26: 4.06 | H26: =E26*F26 -> 42.833 | J26: =H26 -> 42.833
I27: Total | J27: =SUM(J26) -> 42.833
A29: 1.1.5 | B29: Demolição de estrutura de madeira para telhado | C29: m2 | D29: Qnt | E29: C (m) | F29: L (m) | G29: H (m) | H29: A(m2) | I29: V(m3) | J29: QUANT. DO SERVIÇO
B30: Cobertura garagem | E30: 10.55 | F30: 4.06 | H30: =E30*F30 -> 42.833 | J30: =H30 -> 42.833
I31: Total | J31: =SUM(J30) -> 42.833
A33: 1.2 | B33: LIMPEZA DO TERRENO
A34: 1.2.1 | B34: Corte de capoeira fina, a foice (manual) | C34: m2 | D34: Qnt | E34: C (m) | F34: L (m) | G34: H (m) | H34: A(m2) | I34: V(m3) | J34: QUANT. DO SERVIÇO
B35: Área do terreno | H35: 336.27 | J35: =H35 -> 336.27
I36: Total | J36: =SUM(J35) -> 336.27
A38: 1.2.2 | B38: Raspagem e limpeza do terreno (manual) | C38: m2 | D38: Qnt | E38: C (m) | F38: L (m) | G38: H (m) | H38: A(m2) | I38: V(m3) | J38: QUANT. DO SERVIÇO
B39: Área do terreno | H39: 336.27 | J39: =H39 -> 336.27
I40: Total | J40: =SUM(J39) -> 336.27
A42: 1.2.3 | B42: Corte e destocamento de árvores com diâmetro de até 15 cm | C42: und | D42: Qnt | E42: C (m) | F42: L (m) | G42: H (m) | H42: A(m2) | I42: V(m3) | J42: QUANT. DO SERVIÇO
D43: 7 | J43: =D43 -> 7
I44: Total | J44: =SUM(J43) -> 7
A46: 1.2.4 | B46: Corte e destocamento de árvores com diâmetro superior a 30 cm | C46: und | D46: Qnt | E46: C (m) | F46: L (m) | G46: H (m) | H46: A(m2) | I46: V(m3) | J46: QUANT. DO SERVIÇO
D47: 22 | J47: =D47 -> 22
I48: Total | J48: =SUM(J47) -> 22
A49: 1.3 | B49: LOCAÇÃO DE OBRA
A50: 1.3.1 | B50: Locação de obra com gabarito de madeira | C50: m2 | D50: Qnt | E50: C (m) | F50: L (m) | G50: H (m) | H50: A(m2) | I50: V(m3) | J50: QUANT. DO SERVIÇO
B51: Área do pavimento térreo | H51: 160.74 | J51: =H51 -> 160.74
I52: Total | J52: =SUM(J51) -> 160.74
A54: 2 | B54: INSTALAÇÃO DO CANTEIRO DE OBRAS
A55: 2.1 | B55: TAPUMES, BARRACÕES E COBERTURAS
A56: 2.1.1 | B56: Placa de obra nas dimensões de 2.0 x 4.0 m, padrão IOPES | C56: m2 | D56: Qnt | E56: C (m) | F56: L (m) | G56: H (m) | H56: A(m2) | I56: V(m3) | J56: QUANT. DO SERVIÇO
B57: Placa da obra | F57: 4 | G57: 2 | H57: =F57*G57 -> 8 | J57: =H57 -> 8
I58: Total | J58: =SUM(J57) -> 8
A60: 2.1.2 | B60: Tapume Telha Metálica Ondulada em aço galvalume 0,50mm Branca h=2,20m, incl. montagem estr. mad.8"x8", c/adesivo "IOPES" 60x60cm a cada 10m, incl. faixas pint. esmalte sint. cores azul c/ h=30cm e rosa c/ h=10cm (Reaproveitamento 2x) | C60: m | D60: Qnt | E60: C (m) | F60: L (m) | G60: H (m) | H60: A(m2) | I60: V(m3) | J60: QUANT. DO SERVIÇO
B61: Frente com a Rua Pedro Zangrande | E61: 23.8 | J61: =E61 -> 23.8
B62: Frente com a Rua Maria B. Almeida Plazzi | E62: 16.81 | J62: =E62 -> 16.81
I63: Total | J63: =SUM(J61:J62) -> 40.61
A65: 2.1.3 | B65: Locação de andaime metálico para fachada - tipo torre (aluguel mensal) | C65: m | D65: Qnt | E65: C (m) | F65: L (m) | G65: H (m) | H65: A(m2) | I65: V(m3) | J65: QUANT. DO SERVIÇO
B66: Considerando 6 meses de andaime com altura de 9 metros | D66: 6 | G66: 9 | J66: =D66*G66 -> 54
I67: Total | J67: =SUM(J66) -> 54
A69: 2.2 | B69: INSTALAÇÃO DO CANTEIRO DE OBRAS (UTILIZAÇÃO 1 VEZ), PROJETO PADRÃO LABOR - NR.18 (OBRAS COM PRAZO DE EXECUÇÃO SUPERIOR A 12 MESES)
A70: 2.2.1 | B70: Rede de luz, incl. padrão entrada de energia trifás., cabo de ligação até barracões, quadro de distrib., disj. e chave de força (quando necessário), cons. 20m entre padrão entrada e QDG, conf. projeto (1 utilização) | C70: m | D70: Qnt | E70: C (m) | F70: L (m) | G70: H (m) | H70: A(m2) | I70: V(m3) | J70: QUANT. DO SERVIÇO
B71: Para o canteiro de obras | E71: 20 | J71: =E71 -> 20
I72: Total | J72: =SUM(J71) -> 20
A74: 2.2.2 | B74: Rede de esgoto, contendo fossa e filtro, inclusive tubos e conexões de ligação entre caixas, considerando distância de 25m, conforme projeto (1 utilização) | C74: m | D74: Qnt | E74: C (m) | F74: L (m) | G74: H (m) | H74: A(m2) | I74: V(m3) | J74: QUANT. DO SERVIÇO
B75: Para o canteiro de obras | E75: 25 | J75: =E75 -> 25
I76: Total | J76: =SUM(J75) -> 25
A77: 2.3 | B77: INSTALAÇÃO DO CANTEIRO DE OBRAS (UTILIZAÇÃO 2 VEZES), PROJETO PADRÃO LABOR NR.18 (OBRAS COM PRAZO DE EXECUÇÃO DE 6 A 12 MESES)
A78: 2.3.1 | B78: Barracão para escritório com sanitário área 14.50m2, de chapa de compens. 12mm e pontalete 8x8cm, piso cimentado e cobertura de telha de fibroc. 6mm, incl. ponto de luz e cx. de inspeção, conf. projeto (2 utilizações) | C78: m2 | D78: Qnt | E78: C (m) | F78: L (m) | G78: H (m) | H78: A(m2) | I78: V(m3) | J78: QUANT. DO SERVIÇO
B79: Para o canteiro de obras | H79: 14.5 | J79: =H79 -> 14.5
I80: Total | J80: =SUM(J79) -> 14.5
A82: 2.3.2 | B82: Barracão para almoxarifado área de 10.90m2, de chapa de compensado 12mm e pontaletes 8x8cm, piso cimentado e cobertura de telha de fibrocimento de 6mm, inclusive ponto de luz, conf. projeto (2 utilizações) | C82: m2 | D82: Qnt | E82: C (m) | F82: L (m) | G82: H (m) | H82: A(m2) | I82: V(m3) | J82: QUANT. DO SERVIÇO
B83: Para o canteiro de obras | H83: 10.9 | J83: =H83 -> 10.9
I84: Total | J84: =SUM(J83) -> 10.9
A86: 2.3.3 | B86: Refeitório com paredes de chapa de compens. 12mm e pontaletes 8x8cm, piso ciment. e cobert. de telhas fibroc. 6mm, incl. ponto de luz e cx. de inspeção (cons. 1.21m2/func./turno), conf. projeto (2 utilização) | C86: m2 | D86: Qnt | E86: C (m) | F86: L (m) | G86: H (m) | H86: A(m2) | I86: V(m3) | J86: QUANT. DO SERVIÇO
B87: Considerando 20 funcionários e 1m² por funcionário | H87: 20 | J87: =H87 -> 20
I88: Total | J88: =SUM(J87) -> 20
A90: 2.3.4 | B90: Unidade de sanitário e vestiário para até 20 func. área 18.15m2, paredes de chapa compens. 12mm e pontalete 8x8cm, piso cimentado, cobert. telha fibroc. 6mm, incl. inst. de luz e cx. de inspeção, conf. projeto (2 utilizações) | C90: und | D90: Qnt | E90: C (m) | F90: L (m) | G90: H (m) | H90: A(m2) | I90: V(m3) | J90: QUANT. DO SERVIÇO
B91: Para o canteiro de obras | D91: 1 | J91: =D91 -> 1
I92: Total | J92: =SUM(J91) -> 1
A94: 2.3.5 | B94: Galpão para corte e armação com área de 6.00m2, de peças de madeira 8x8cm e contraventamento de 5x7cm, cobertura de telhas de fibroc. de 6mm, inclusive ponto e cabo de alimentação da máquina, conf.projeto (2 utilizações) | C94: m2 | D94: Qnt | E94: C (m) | F94: L (m) | G94: H (m) | H94: A(m2) | I94: V(m3) | J94: QUANT. DO SERVIÇO
B95: Para o canteiro de obras | H95: 6 | J95: =H95 -> 6
I96: Total | J96: =SUM(J95) -> 6
A98: 2.3.6 | B98: Reservatório de poliestileno de 1000 L, inclusive suporte em madeira de 7x12cm e 5x7cm, elevado de 4m, conforme projeto (2 utilizações) | C98: und | D98: Qnt | E98: C (m) | F98: L (m) | G98: H (m) | H98: A(m2) | I98: V(m3) | J98: QUANT. DO SERVIÇO
B99: Para o canteiro de obras | D99: 1 | J99: =D99 -> 1
I100: Total | J100: =SUM(J99) -> 1
A102: 2.3.7 | B102: Rede de água, com padrão de entrada d'água diâm. 3/4", conf. espec. CESAN, incl. tubos e conexões para alimentação, distribuição, extravasor e limpeza, cons. o padrão a 25m, conf. projeto (2 utilizações) | C102: m | D102: Qnt | E102: C (m) | F102: L (m) | G102: H (m) | H102: A(m2) | I102: V(m3) | J102: QUANT. DO SERVIÇO
B103: Para o canteiro de obras | E103: 25 | J103: =E103 -> 25
I104: Total | J104: =SUM(J103) -> 25
A106: 3 | B106: MOVIMENTO DE TERRA
A107: 3.1 | B107: ESCAVAÇÕES
A108: 3.1.1 | B108: Escavação manual em material de 1a. categoria, até 1.50 m de profundidade | C108: m3 | D108: Qnt | E108: C (m) | F108: L (m) | G108: H (m) | H108: A(m2) | I108: V(m3) | J108: QUANT. DO SERVIÇO
B109: Considerando 20 cm de cada lado das sapatas
B110: S1=S16 | D110: 2 | E110: =1.05+0.4 -> 1.45 | F110: =1.2+0.4 -> 1.6 | G110: 1.55 | I110: =D110*E110*F110*G110 -> 7.192 | J110: =I110 -> 7.192
B111: S2=S6=S13 | D111: 3 | E111: =1.45+0.4 -> 1.85 | F111: =1.6+0.4 -> 2 | G111: 1.55 | I111: =D111*E111*F111*G111 -> 17.205 | J111: =I111 -> 17.205
B112: S3=S7=S9=S17=S19 | D112: 5 | E112: =1.3+0.4 -> 1.7 | F112: =1.45+0.4 -> 1.85 | G112: 1.55 | I112: =D112*E112*F112*G112 -> 24.37375 | J112: =I112 -> 24.37375
B113: S4=S11=S12 | D113: 3 | E113: =1.2+0.4 -> 1.6 | F113: =1.35+0.4 -> 1.75 | G113: 1.55 | I113: =D113*E113*F113*G113 -> 13.02 | J113: =I113 -> 13.02
B114: S5=S14 | D114: 2 | E114: =1.6+0.4 -> 2 | F114: =1.75+0.4 -> 2.15 | G114: 1.55 | I114: =D114*E114*F114*G114 -> 13.33 | J114: =I114 -> 13.33
B115: S8 | D115: 1 | E115: =1.7+0.4 -> 2.1 | F115: =1.85+0.4 -> 2.25 | G115: 1.55 | I115: =D115*E115*F115*G115 -> 7.32375 | J115: =I115 -> 7.32375
B116: S10=S15 | D116: 2 | E116: =1.2+0.4 -> 1.6 | F116: =1.4+0.4 -> 1.8 | G116: 1.55 | I116: =D116*E116*F116*G116 -> 8.928 | J116: =I116 -> 8.928
B117: S18 | D117: 1 | E117: =1.35+0.4 -> 1.75 | F117: =1.5+0.4 -> 1.9 | G117: 1.55 | I117: =D117*E117*F117*G117 -> 5.15375 | J117: =I117 -> 5.15375
B118: S20 | D118: 1 | E118: =0.7+0.4 -> 1.1 | F118: =0.9+0.4 -> 1.3 | G118: 1.55 | I118: =D118*E118*F118*G118 -> 2.2165 | J118: =I118 -> 2.2165
B120: Escavação para base do muro | E120: 29.12 | F120: 0.4 | G120: 0.3 | I120: =E120*F120*G120 -> 3.4944 | J120: =I120 -> 3.4944
I121: Total | J121: =SUM(J110:J120) -> 102.23715
...

Sheet CRONOGRAMA
B1: PREFEITURA MUNICIPAL DE JOÃO NEIVA
B2: PLANILHA ORÇAMENTÁRIA
B3: OBRA: CONSTRUÇÃO DO CRAS NO MUNICÍPIO DE JOÃO NEIVA | E3: L. SOCIAIS: | F3: 1.5727 | G3: TABELA DE REFERÊNCIA: DER/ES
B4: LOCAL: JOÃO NEIVA-ES | E4: BDI: | F4: 0.3196 | H4: DATA-BASE: | I4: ABR/21
B5: ORÇAMENTISTA: JEFYSON SILVA LOUREIRO - ENGENHEIRO CIVIL - CREA/ES 0047233/D
A6: ITEM | B6: ETAPAS | C6: VALORES | E6: PERÍODO (MESES)
E7: 1 | F7: 2 | G7: 3 | H7: 4 | I7: 5 | J7: 6 | K7: 7 | L7: 8 | M7: 9 | N7: 10 | O7: 11 | P7: 12
A8: 01 | B8: ='PLANILHA ORÇAMENTÁRIA'!D8 -> SERVIÇOS PRELIMINARES | C8: Físico (%) | D8: =D9/$D$50 -> 0.010166404 | E8: =E9/$D$9 -> 1 | Q8: =SUM(E8:P8) -> 1
C9: Financeiro (R$) | D9: ='PLANILHA ORÇAMENTÁRIA'!I22 -> 13389.2 | E9: =D9 -> 13389.2 | Q9: =SUM(E9:P9) -> 13389.2
A10: 02 | B10: ='PLANILHA ORÇAMENTÁRIA'!D23 -> INSTALAÇÃO DO CANTEIRO DE OBRAS | C10: Físico (%) | D10: =D11/$D$50 -> 0.061563645 | E10: =E11/$D$11 -> 0.5 | F10: =F11/$D$11 -> 0.5 | Q10: =SUM(E10:P10) -> 1
C11: Financeiro (R$) | D11: ='PLANILHA ORÇAMENTÁRIA'!I39 -> 81079.6 | E11: =D11/2 -> 40539.8 | F11: =D11/2 -> 40539.8 | Q11: =SUM(E11:P11) -> 81079.6
A12: 03 | B12: ='PLANILHA ORÇAMENTÁRIA'!D40 -> MOVIMENTO DE TERRA | C12: Físico (%) | D12: =D13/$D$50 -> 0.036756161 | F12: =F13/$D$13 -> 0.8 | G12: =G13/$D$13 -> 0.2 | Q12: =SUM(E12:P12) -> 1
C13: Financeiro (R$) | D13: ='PLANILHA ORÇAMENTÁRIA'!I48 -> 48408.03 | F13: =D13*0.8 -> 38726.424 | G13: =D13-F13 -> 9681.606 | Q13: =SUM(E13:P13) -> 48408.03
A14: 04 | B14: ='PLANILHA ORÇAMENTÁRIA'!D49 -> ESTRUTURAS | C14: Físico (%) | D14: =D15/$D$50 -> 0.17364153 | F14: =F15/$D$15 -> 0.2 | G14: =G15/$D$15 -> 0.2 | H14: =H15/$D$15 -> 0.2 | I14: =I15/$D$15 -> 0.2 | J14: =J15/$D$15 -> 0.2 | Q14: =SUM(E14:P14) -> 1
C15: Financeiro (R$) | D15: ='PLANILHA ORÇAMENTÁRIA'!I65 -> 228686.68 | E15: 0 | F15: =D15/5 -> 45737.336 | G15: =D15/5 -> 45737.336 | H15: =D15/5 -> 45737.336 | I15: =D15/5 -> 45737.336 | J15: =D15/5 -> 45737.336 | Q15: =SUM(E15:P15) -> 228686.68
A16: 05 | B16: ='PLANILHA ORÇAMENTÁRIA'!D66 -> PAREDES E PAINÉIS | C16: Físico (%) | D16: =D17/$D$50 -> 0.041545818 | I16: =I17/$D$17 -> 0.25 | J16: =J17/$D$17 -> 0.25 | K16: =K17/$D$17 -> 0.5 | Q16: =SUM(E16:P16) -> 1
C17: Financeiro (R$) | D17: ='PLANILHA ORÇAMENTÁRIA'!I75 -> 54716.03 | E17: 0 | I17: =D17/4 -> 13679.008 | J17: =D17/4 -> 13679.008 | K17: =D17*0.5 -> 27358.015 | Q17: =SUM(E17:P17) -> 54716.03
A18: 06 | B18: ='PLANILHA ORÇAMENTÁRIA'!D76 -> ESQUADRIAS DE MADEIRA | C18: Físico (%) | D18: =D19/$D$50 -> 0.028683257 | L18: =L19/$D$19 -> 0.3 | M18: =M19/$D$19 -> 0.7 | Q18: =SUM(E18:P18) -> 1
C19: Financeiro (R$) | D19: ='PLANILHA ORÇAMENTÁRIA'!I85 -> 37775.98 | E19: 0 | L19: =D19*0.3 -> 11332.794 | M19: =D19*0.7 -> 26443.186 | Q19: =SUM(E19:P19) -> 37775.98
A20: 07 | B20: ='PLANILHA ORÇAMENTÁRIA'!D86 -> ESQUADRIAS METÁLICAS | C20: Físico (%) | D20: =D21/$D$50 -> 0.073608752 | M20: =M21/$D$21 -> 0.5 | N20: =N21/$D$21 -> 0.5 | Q20: =SUM(E20:P20) -> 1
C21: Financeiro (R$) | D21: ='PLANILHA ORÇAMENTÁRIA'!I94 -> 96943.06 | M21: =D21/2 -> 48471.53 | N21: =D21-M21 -> 48471.53 | Q21: =SUM(E21:P21) -> 96943.06
A22: 08 | B22: ='PLANILHA ORÇAMENTÁRIA'!D95 -> VIDROS E ESPELHOS | C22: Físico (%) | D22: =D23/$D$50 -> 0.01495745 | M22: =M23/D23 -> 0.9 | O22: =O23/D23 -> 0.1 | Q22: =SUM(E22:P22) -> 1
C23: Financeiro (R$) | D23: ='PLANILHA ORÇAMENTÁRIA'!I100 -> 19699.03 | E23: 0 | M23: =D23*0.9 -> 17729.127 | O23: =D23-M23 -> 1969.903 | Q23: =SUM(E23:P23) -> 19699.03
A24: 09 | B24: ='PLANILHA ORÇAMENTÁRIA'!D101 -> COBERTURA | C24: Físico (%) | D24: =D25/$D$50 -> 0.045352426 | L24: =L25/D25 -> 1 | Q24: =SUM(E24:P24) -> 1
C25: Financeiro (R$) | D25: ='PLANILHA ORÇAMENTÁRIA'!I110 -> 59729.35 | E25: 0 | L25: =D25 -> 59729.35 | Q25: =SUM(E25:P25) -> 59729.35
A26: 10 | B26: ='PLANILHA ORÇAMENTÁRIA'!D111 -> IMPERMEABILIZAÇÃO | C26: Físico (%) | D26: =D27/$D$50 -> 0.025578006 | F26: =F27/$D$27 -> 0.35 | G26: =G27/$D$27 -> 0.35 | K26: =K27/$D$27 -> 0.3 | Q26: =SUM(E26:P26) -> 1
C27: Financeiro (R$) | D27: ='PLANILHA ORÇAMENTÁRIA'!I115 -> 33686.35 | E27: 0 | F27: =D27*0.35 -> 11790.222 | G27: =D27*0.35 -> 11790.222 | K27: =D27*0.3 -> 10105.905 | Q27: =SUM(E27:P27) -> 33686.35
A28: 11 | B28: ='PLANILHA ORÇAMENTÁRIA'!D116 -> TETOS E FORROS | C28: Físico (%) | D28: =D29/$D$50 -> 0.0092342583 | M28: =M29/D29 -> 1 | Q28: =SUM(E28:P28) -> 1
C29: Financeiro (R$) | D29: ='PLANILHA ORÇAMENTÁRIA'!I119 -> 12161.56 | E29: 0 | M29: =D29 -> 12161.56 | Q29: =SUM(E29:P29) -> 12161.56
A30: 12 | B30: ='PLANILHA ORÇAMENTÁRIA'!D120 -> REVESTIMENTO DE PAREDES | C30: Físico (%) | D30: =D31/$D$50 -> 0.074670024 | K30: =K31/D31 -> 0.5 | L30: =L31/D31 -> 0.5 | Q30: =SUM(E30:P30) -> 1
C31: Financeiro (R$) | D31: ='PLANILHA ORÇAMENTÁRIA'!I127 -> 98340.76 | E31: 0 | K31: =D31*0.5 -> 49170.38 | L31: =D31*0.5 -> 49170.38 | Q31: =SUM(E31:P31) -> 98340.76
A32: 13 | B32: ='PLANILHA ORÇAMENTÁRIA'!D128 -> PISOS INTERNOS E EXTERNOS | C32: Físico (%) | D32: =D33/$D$50 -> 0.087983289 | F32: =F33/D33 -> 0.15 | L32: =L33/D33 -> 0.6 | M32: =M33/D33 -> 0.25 | Q32: =SUM(E32:P32) -> 1
C33: Financeiro (R$) | D33: ='PLANILHA ORÇAMENTÁRIA'!I142 -> 115874.39 | F33: =D33*0.15 -> 17381.158 | L33: =D33*0.6 -> 69524.634 | M33: =D33*0.25 -> 28968.597 | Q33: =SUM(E33:P33) -> 115874.39
A34: 14 | B34: ='PLANILHA ORÇAMENTÁRIA'!D143 -> INSTALAÇÕES HIDRO-SANITÁRIAS | C34: Físico (%) | D34: =D35/$D$50 -> 0.018512974 | J34: =J35/D35 -> 0.5 | K34: =K35/D35 -> 0.5 | Q34: =SUM(E34:P34) -> 1
C35: Financeiro (R$) | D35: ='PLANILHA ORÇAMENTÁRIA'!I169 -> 24381.67 | J35: =D35*0.5 -> 12190.835 | K35: =J35 -> 12190.835 | Q35: =SUM(E35:P35) -> 24381.67
A36: 15 | B36: ='PLANILHA ORÇAMENTÁRIA'!D170 -> INSTALAÇÕES ELÉTRICAS | C36: Físico (%) | D36: =D37/$D$50 -> 0.042427234 | L36: =L37/D37 -> 0.5 | M36: =M37/D37 -> 0.5 | Q36: =SUM(E36:P36) -> 1
C37: Financeiro (R$) | D37: ='PLANILHA ORÇAMENTÁRIA'!I202 -> 55876.86 | L37: =D37*0.5 -> 27938.43 | M37: =L37 -> 27938.43 | Q37: =SUM(E37:P37) -> 55876.86
A38: 16 | B38: ='PLANILHA ORÇAMENTÁRIA'!D203 -> OUTRAS INSTALAÇÕES | C38: Físico (%) | D38: =D39/$D$50 -> 0.0047135905 | N38: =N39/D39 -> 1 | Q38: =SUM(E38:P38) -> 1
C39: Financeiro (R$) | D39: ='PLANILHA ORÇAMENTÁRIA'!I215 -> 6207.82 | N39: =D39 -> 6207.82 | Q39: =SUM(E39:P39) -> 6207.82
A40: 17 | B40: ='PLANILHA ORÇAMENTÁRIA'!D216 -> APARELHOS HIDRO-SANITÁRIOS | C40: Físico (%) | D40: =D41/$D$50 -> 0.019341528 | N40: =N41/D41 -> 1 | Q40: =SUM(E40:P40) -> 1
C41: Financeiro (R$) | D41: ='PLANILHA ORÇAMENTÁRIA'!I239 -> 25472.88 | N41: =D41 -> 25472.88 | Q41: =SUM(E41:P41) -> 25472.88
A42: 18 | B42: ='PLANILHA ORÇAMENTÁRIA'!D240 -> APARELHOS ELÉTRICOS | C42: Físico (%) | D42: =D43/$D$50 -> 0.007078905 | N42: =N43/D43 -> 1 | Q42: =SUM(E42:P42) -> 1
C43: Financeiro (R$) | D43: ='PLANILHA ORÇAMENTÁRIA'!I259 -> 9322.95 | N43: =D43 -> 9322.95 | Q43: =SUM(E43:P43) -> 9322.95
A44: 19 | B44: ='PLANILHA ORÇAMENTÁRIA'!D260 -> PINTURA | C44: Físico (%) | D44: =D45/$D$50 -> 0.054779553 | N44: =N45/D45 -> 0.5 | O44: =O45/D45 -> 0.5 | Q44: =SUM(E44:P44) -> 1
C45: Financeiro (R$) | D45: ='PLANILHA ORÇAMENTÁRIA'!I270 -> 72144.92 | N45: =D45*0.5 -> 36072.46 | O45: =D45*0.5 -> 36072.46 | Q45: =SUM(E45:P45) -> 72144.92
A46: 20 | B46: ='PLANILHA ORÇAMENTÁRIA'!D271 -> SERVIÇOS COMPLEMENTARES EXTERNOS | C46: Físico (%) | D46: =D47/$D$50 -> 0.034707671 | P46: =P47/D47 -> 1 | Q46: =SUM(E46:P46) -> 1
C47: Financeiro (R$) | D47: ='PLANILHA ORÇAMENTÁRIA'!I289 -> 45710.16 | P47: =D47 -> 45710.16 | Q47: =SUM(E47:P47) -> 45710.16
A48: 21 | B48: ='PLANILHA ORÇAMENTÁRIA'!D290 -> SERVIÇOS COMPLEMENTARES INTERNOS | C48: Físico (%) | D48: =D49/$D$50 -> 0.13469752 | O48: =O49/D49 -> 0.7 | P48: =P49/D49 -> 0.3 | Q48: =SUM(E48:P48) -> 1
C49: Financeiro (R$) | D49: ='PLANILHA ORÇAMENTÁRIA'!I306 -> 177397.25 | O49: =D49*0.7 -> 124178.07 | P49: =D49*0.3 -> 53219.175 | Q49: =SUM(E49:P49) -> 177397.25
A50: Total Parcial (%) | D50: =D9+D11+D13+D15+D17+D19+D21+D23+D25+D27+D29+D31+D33+D35+D37+D39+D41+D43+D45+D47+D49 -> 1317004.5 | E50: =E53/D50 -> 0.040948227 | F50: =F52/$D$50 -> 0.11706485 | G50: =G52/$D$50 -> 0.05103184 | H50: =H52/$D$50 -> 0.034728306 | I50: =I52/$D$50 -> 0.04511476 | J50: =J52/$D$50 -> 0.054371247 | K50: =K52/$D$50 -> 0.075037809 | L50: =L52/$D$50 -> 0.16529601 | M50: =M52/$D$50 -> 0.12278806 | ... P50: =P52/$D$50 -> 0.075116928
A51: Metas (%) | E51: =E50 -> 0.040948227 | F51: =E51+F50 -> 0.15801308 | G51: =F51+G50 -> 0.20904492 | H51: =G51+H50 -> 0.24377322 | I51: =H51+I50 -> 0.28888799 | J51: =I51+J50 -> 0.34325923 | K51: =J51+K50 -> 0.41829704 | L51: =K51+L50 -> 0.58359305 | M51: =L51+M50 -> 0.70638111 | ... P51: =O51+P50 -> 1
A52: Total Financeiro (R$) | E52: =E9+E11+E13+E15+E17+E19+E21+E23+E25+E27+E29+E31+E33+E35+E37+E39+E41+E43+E45+E47+E49 -> 53929 | F52: =F9+F11+F13+F15+F17+F19+F21+F23+F25+F27+F29+F31+F33+F35+F37+F39+F41+F43+F45+F47+F49 -> 154174.94 | G52: =G9+G11+G13+G15+G17+G19+G21+G23+G25+G27+G29+G31+G33+G35+G37+G39+G41+G43+G45+G47+G49 -> 67209.164 | H52: =H9+H11+H13+H15+H17+H19+H21+H23+H25+H27+H29+H31+H33+H35+H37+H39+H41+H43+H45+H47+H49 -> 45737.336 | I52: =I9+I11+I13+I15+I17+I19+I21+I23+I25+I27+I29+I31+I33+I35+I37+I39+I41+I43+I45+I47+I49 -> 59416.343 | J52: =J9+J11+J13+J15+J17+J19+J21+J23+J25+J27+J29+J31+J33+J35+J37+J39+J41+J43+J45+J47+J49 -> 71607.178 | K52: =K9+K11+K13+K15+K17+K19+K21+K23+K25+K27+K29+K31+K33+K35+K37+K39+K41+K43+K45+K47+K49 -> 98825.135 | L52: =L9+L11+L13+L15+L17+L19+L21+L23+L25+L27+L29+L31+L33+L35+L37+L39+L41+L43+L45+L47+L49 -> 217695.59 | ... P52: =P9+P11+P13+P15+P17+P19+P21+P23+P25+P27+P29+P31+P33+P35+P37+P39+P41+P43+P45+P47+P49 -> 98929.335
A53: Total Acumulado (R$) | E53: =E52 -> 53929 | F53: =E53+F52 -> 208103.94 | G53: =F53+G52 -> 275313.11 | H53: =G53+H52 -> 321050.44 | I53: =H53+I52 -> 380466.79 | J53: =I53+J52 -> 452073.96 | K53: =J53+K52 -> 550899.1 | L53: =K53+L52 -> 768594.69 | M53: =L53+M52 -> 930307.12 | ... P53: =O53+P52 -> 1317004.5

Sheet BDI
C2: PREFEITURA MUNICIPAL DE JOÃO NEIVA
C3: COMPOSIÇÃO BDI
C4: OBRA: CONSTRUÇÃO DO CRAS NO MUNICÍPIO DE JOÃO NEIVA | F4: L. SOCIAIS: | G4: 1.5727 | H4: TABELA DE REFERÊNCIA: DER/ES
C5: LOCAL: JOÃO NEIVA-ES | F5: BDI: | G5: 0.3196 | H5: DATA-BASE: | J5: ABR/21
C6: ORÇAMENTISTA: JEFYSON SILVA LOUREIRO - ENGENHEIRO CIVIL - CREA/ES 0047233/D
E8: Para Serviços
C9: GRUPO A
C10: Administração Central | E10: 0.0406
C11: Total Grupo A | E11: =E10 -> 0.0406
C12: GRUPO B
C13: Administração Local | E13: 0.0588
C14: Total Grupo B | E14: =E13 -> 0.0588
C15: GRUPO C
C16: Impostos/Tributos
C17: ISS | E17: 0.05
C18: PIS | E18: 0.0065
C19: COFINS | E19: 0.03
C20: CPRB | E20: 0
C21: Total Grupo C | E21: =SUM(E17:E20) -> 0.0865
C22: GRUPO D
C23: Custos Financeiros | E23: 0.0061
C24: Total Grupo D | E24: =E23 -> 0.0061
C25: GRUPO E
C26: Seguros / Garantia | E26: 0.005
C27: Riscos | E27: 0.005
C28: Total Grupo E | E28: =SUM(E26:E27) -> 0.01
C29: GRUPO F
C30: Lucro | E30: 0.08
C31: Total Grupo F | E31: =E30 -> 0.08
C33: BDI Total | E33: =(((1+E24)*(1+E11+E14+E28)*(1+E31)/(1-E21))-1) -> 0.31960671
B35: OBS:
B37: 1 | C37: - A fórmula para cálculo da taxa a ser acrescida aos custos diretos de um
C38: empreendimento a título de Benefícios e Despesas Indiretas é:
C39: BDI = {(1 + D)*(1 + A+B+E)*(1 + F)} -1, onde:
C40: (1 – C)
C41: A = ADMINISTRAÇÃO CENTRAL;
C42: B = ADMINISTRAÇÃO LOCAL;
C43: C = ISS + PIS + COFINS+INSS;
C44: D = CUSTOS FINANCEIROS;
C45: E = RISCOS, SEGUROS E GARANTIAS;
C46: F = BENEFÍCIO/LUCRO;
B47: JUSTIFICATIVA MODIFICAÇÃO DOS PERCENTUAIS:
B48: ADMINISTRAÇÃO LOCAL: FOI CONSIDERADO PERCENTUAL INFERIOR AO DA TABELA DE TAXA DE BDI PADRÃO APLICÁVEL, CONFORME RESOLUÇÃO Nº329, DE 24 DE SETEMBRO DE 2019, VISANDO NÃO ULTRAPASSAR O PERCENTUAL DO BDI TOTAL, CONSIDERANDO QUE HOUVE A NECESSIDADE DE AUMENTO DO ISSQN, DE ACORDO COM A LEI MUNICIPAL N° 3.203, DE 27 DE SETEMBRO DE 2019
B49: ISSQN: FOI CONSIDERADO PERCENTUAL SUPERIOR AO DA TABELA DE TAXA DE BDI PADRÃO APLICÁVEL, CONFORME RESOLUÇÃO Nº329, DE 24 DE SETEMBRO DE 2019, CONSIDERANDO QUE HOUVE A NECESSIDADE DE AUMENTO DO ISSQN, DE ACORDO COM A LEI MUNICIPAL N° 3.203, DE 27 DE SETEMBRO DE 2019.
B50: 2 | C50: - Discriminação do BDI
C52: A – Despesas financeiras:
C53: são aquelas decorrentes do custo do capital de giro para fazer frente às despesas realizadas antes do efetivo recebimento das devidas receitas. Foi apropriada por estimativa com base na média proposta no ACÓRDÃO Nº 2.622/2013, PLENÁRIO de 25 set.2013.
C57: B – Administração Central:
C58: são as despesas relativas à manutenção de parcela do custo do escritório central da empresa, tais como: instalações do imóvel/sede (custo de propriedade ou de locação de imóveis); aquisição e manutenção dos equipamentos da sede (computadores, ar condicionado, veículos e correlatos); despesas administrativas (secretária, vigilante, auxiliar de escritório, contínuo, assessorias tercerizadas - ex. contadoria); despesas com consumo (água, luz, telefone, material para escritório, material para limpeza, alimentos, etc). Foi apropriada por estimativa com base na média proposta noACÓRDÃO Nº 2.622/2013, PLENÁRIO de 25 set.2013.
C59: C – Benefício/Lucro:
C60: é a parcela que contempla a remuneração do construtor, definidos com base em valor percentual sobre o total dos custos diretos e despesas indiretas, excluídas aquelas referentes às parcelas tributárias. A taxa adotada como benefício deve ser entendida como uma provisão de onde será retirado o lucro do construtor, após desconto de todos os encargos decorrentes de inúmeras incertezas que podem ocorrer durante as obras, difíceis de serem mensuradas no seu conjunto com base no ACÓRDÃO Nº 2.622/2013, PLENÁRIO de 25 set.2013.
C62: D – Riscos Imprevistos, Garantias e Seguros:
C63: valores para cobertura de despesas imprevisíveis e os seguros e garantias estabelecidos no Projeto Básico e orientação contante no ACÓRDÃO Nº 2.622/2013, PLENÁRIO de 25 set.2013.
C64: E – Valores Relativos aos Tributos:
C65: – Impostos sobre serviços de qualquer natureza – ISS, é imposto de competência municipal, consoante art. 156, inciso III, da Constituição Federal. Alíquota de 4% sobre o valor total da nota fiscal.(Os 4% consideram a redução de 20% da base de cálculo, conforme previsto no art. 9 do Decreto 13314/2007 e Lei Municipal 6075/2003).
C66: – Contribuição para o Programa de Integração Social – PIS. A taxa do PIS, definida pelos Decretos-Lei nº 2.445 e 2.449/88, é de 0,65% sobre a receita operacional bruta.
C67: – Contribuição para o Programa de Financiamento da Seguridade Social – COFINS, definida pela Lei 9.718/98, é de 3%, sobre a receita operacional bruta.
C68: – Contribuição Patronal sobre a Receita Bruta, definida pela Lei 13.161, de 31 de agosto de 2015, é de 4,5%, sobre a receita operacional bruta.

Sheet LS
C2: PREFEITURA MUNICIPAL DE JOÃO NEIVA
C3: COMPOSIÇÃO LEIS SOCIAIS
C4: OBRA: CONSTRUÇÃO DO CRAS NO MUNICÍPIO DE JOÃO NEIVA
C5: LOCAL: JOÃO NEIVA-ES
B7: GRUPO A - Encargos Sociais Básicos | E7: % IOPES
B8: A.1 | C8: INSS (Art. 22 da Lei 8.212/91) | E8: 0.2
B9: A.2 | C9: FGTS (Art. 27 do Decreto 99.684/90) | E9: 0.08
B10: A.3 | C10: SESI/SESC (Lei 8.029/90 e Lei 8.036/90) | E10: 0.018
B11: A.4 | C11: SENAI/SENAC (Lei 8.029/90 e Decreto-Lei 6246/44) | E11: 0.013
B12: A.5 | C12: SEBRAE (já considerado no item A.3 e A.4) | E12: -
B13: A.6 | C13: INCRA (Lei 2.613/55 e Decreto 1.146/70) | E13: 0.002
B14: A.7 | C14: SALÁRIO-EDUCAÇÃO (Decreto 87.043/82) | E14: 0.025
B15: A.8 | C15: SEGURO ACIDENTE DO TRABALHO (Lei 8.212/91 e Decreto 3.048/99) | E15: 0.03
B16: A.9 | C16: SECONCI/Medicina do Trabalho | E16: 0.01
B17: TOTAL GRUPO A | E17: =SUM(E8:E16) -> 0.378
B18: GRUPO B - Encargos Sociais que recebem a incidência do grupo A | E18: % IOPES
B19: B.1 | C19: Descanso Semanal Remunerado (Art. 66 da CLT e Art. 7º da CF/88) | E19: 0.1752
B20: B.2 | C20: Feriados (Art. 70 da CLT e Lei 605/49) | E20: 0.0391
B21: B.3 | C21: Auxílio doença e acidente do trabalho (Lei 3.607/60 e Art. 131 da CLT) | E21: 0.0076
B22: B.4 | C22: Licença Paternidade (Art. 7º da CF/88) | E22: 0.0011
B23: B.5 | C23: Faltas Legais (Art. 473 da CLT) | E23: 0.0067
B24: B.6 | C24: 13º Salário (Lei nº 4090/62) | E24: 0.1011
B25: B.7 | C25: Aviso Prévio Trabalhado (Art. 7º, inciso XXI da CF/88) | E25: 0.0034
B26: B.8 | C26: Dias de Chuvas | E26: -
B27: B.9 | C27: Férias Gozadas | E27: -
B28: B.10 | C28: Salário Maternidade | E28: -
B29: B.11 | C29: Auxílio - Enfermidade | E29: -
B30: TOTAL GRUPO B | E30: =SUM(E19:E29) -> 0.3342
B31: GRUPO C - Encargos Sociais que não recebem a incidência do grupo A | E31: % IOPES
B32: C.1 | C32: Dispensa sem justa causa (LC 110/01) | E32: 0.0534
B33: C.2 | C33: Férias indenizadas (Art. 129 a 148 da CLT) | E33: 0.112
B34: C.3 | C34: Aviso prévio indenizado (Art. 7º, inciso XXI da CF/88) | E34: 0.1129
B35: C.4 | C35: FGTS sobre aviso prévio indenizado (Súmula 305 TST) | E35: 0.009
B36: C.5 | C36: INSS sobre aviso prévio indenizado (Decreto 6.727/09) | E36: 0.0226
B37: C.6 | C37: Aviso prévio trabalhado | E37: -
B38: C.7 | C38: Indenização Adicional | E38: -
B39: TOTAL GRUPO C | E39: =SUM(E32:E38) -> 0.3099
B40: GRUPO D - Reincidência dos encargos sociais básicos | E40: % IOPES
B41: D.1 | C41: Incidência do grupo A sobre o grupo B | E41: =E17*E30 -> 0.1263276
B42: D.2 | C42: Reincidência de Grupo A sobre Aviso Prévio Trabalho e Reincidência do FGTS sobre Aviso Prévio Indenizado | E42: -
B43: TOTAL GRUPO D | E43: =SUM(E41:E42) -> 0.1263276
B44: GRUPO E - Encargos complementares | E44: % IOPES
B45: E.1 | C45: Refeição/alimentação (Convenção Coletiva do Trabalho 2012/2013) | E45: 0.2575
B46: E.2 | C46: Vale Transporte (Lei nº 7418/85 e Decreto 95.247/87) | E46: 0.0603
B47: E.3 | C47: Uniforme/equipamento de segurança (Art. 166 da CLT e NR-18 da Lei nº 6.514/77 e Convenção Coletiva do Trabalho 2012/2013) | E47: 0.0267
B48: E.4 | C48: Plano de Saúde (Convenção Coletiva do Trabalho 2012/2013 | E48: 0.0798
B49: TOTAL GRUPO E | E49: 0.4243
B50: TOTAL DOS GRUPO (A+B+C+D+E) | E50: =E49+E39+E30+E17+E43 -> 1.5727276

Sheet COMP-01
A1: COMPOSIÇÃO ANALÍTICA DE PREÇO UNITÁRIO | I1: Data-base
I3: 44287
I4: COMP-01
A5: SERVIÇO: Kit Porta de correr de madeira lisa 90,5 x 213 cm, Natural | I5: UND: und
A7: REFERÊNCIA: DER-ES 061304
A8: MÃO-DE-OBRA
A9: CÓD. | B9: ORGÃO | C9: DESCRIÇÃO | F9: UND | G9: COEF | H9: R$ UNIT. | I9: R$ PARCIAL
A10: 010101 | B10: DER-ES | C10: Ajudante | E10: Encargo: 157,27% | F10: h | G10: 3.75 | H10: 15.08 | I10: =G10*H10 -> 56.55
A11: 010111 | B11: DER-ES | C11: Carpinteiro | E11: Encargo: 157,27% | F11: h | G11: 3.75 | H11: 17.85 | I11: =H11*G11 -> 66.9375
A12: TOTAL A | I12: =I10+I11 -> 123.4875
A14: MATERIAIS/ SERVIÇOS
A15: CÓD. | B15: ORGÃO | C15: DESCRIÇÃO | F15: UND | G15: COEF | H15: R$ UNIT. | I15: R$ PARCIAL
A16: COTAÇÃO 01 | C16: Kit Porta de correr de madeira lisa 90,5 x 213 cm, Natural | F16: und | G16: 1 | H16: =[1]COTAÇÕES!P8 -> 898.77333 | I16: =[1]COTAÇÕES!P8 -> 898.77333
A18: TOTAL B | I18: =SUM(I16:I17) -> 898.77333
A21: EQUIPAMENTOS
C22: DESCRIÇÃO | F22: UND | G22: COEF | H22: R$ UNIT. | I22: R$ PARCIAL
A24: TOTAL C | I24: =I23 -> 0
A26: RESUMO
A27: TOTAL A | I27: =I12 -> 123.4875
A28: TOTAL B | I28: =I18 -> 898.77333
A29: TOTAL C | I29: =I24 -> 0
A30: PREÇO DE VENDA = TOTAL (A+B+C) | I30: =SUM(I27:I28) -> 1022.2608

Sheet COMP-02
A1: COMPOSIÇÃO ANALÍTICA DE PREÇO UNITÁRIO | I1: Data-base
I3: 44287
I4: COMP-02
A5: SERVIÇO: Kit Porta de correr de madeira lisa 100 x 210 cm, Natural | I5: UND: und
A7: REFERÊNCIA: DER-ES 061304
A8: MÃO-DE-OBRA
A9: CÓD. | B9: ORGÃO | C9: DESCRIÇÃO | F9: UND | G9: COEF | H9: R$ UNIT. | I9: R$ PARCIAL
A10: 010101 | B10: DER-ES | C10: Ajudante | E10: Encargo: 157,27% | F10: h | G10: 3.75 | H10: 15.08 | I10: =G10*H10 -> 56.55
A11: 010111 | B11: DER-ES | C11: Carpinteiro | E11: Encargo: 157,27% | F11: h | G11: 3.75 | H11: 17.85 | I11: =H11*G11 -> 66.9375
A12: TOTAL A | I12: =I10+I11 -> 123.4875
A14: MATERIAIS/ SERVIÇOS
A15: CÓD. | B15: ORGÃO | C15: DESCRIÇÃO | F15: UND | G15: COEF | H15: R$ UNIT. | I15: R$ PARCIAL
A16: COTAÇÃO 02 | C16: Kit Porta de correr de madeira lisa 100 x 210 cm, Natural | F16: und | G16: 1 | H16: ='COTAÇÕES '!P9 -> 1564 | I16: =G16*H16 -> 1564
A18: TOTAL B | I18: =SUM(I16:I17) -> 1564
A21: EQUIPAMENTOS
C22: DESCRIÇÃO | F22: UND | G22: COEF | H22: R$ UNIT. | I22: R$ PARCIAL
A24: TOTAL C | I24: =I23 -> 0
A26: RESUMO
A27: TOTAL A | I27: =I12 -> 123.4875
A28: TOTAL B | I28: =I18 -> 1564
A29: TOTAL C | I29: =I24 -> 0
A30: PREÇO DE VENDA = TOTAL (A+B+C) | I30: =SUM(I27:I28) -> 1687.4875

Sheet COMP-03
A1: COMPOSIÇÃO ANALÍTICA DE PREÇO UNITÁRIO | I1: Data-base
I3: 44287
I4: COMP-03
A5: SERVIÇO: Gradil galvanizado revestido com pintura eletrostática na cor branca em poliéster, fixação sobre mureta conforme projeto, exclusive a mureta | I5: UND: und
A7: REFERÊNCIA: DER-ES 200130
A8: MÃO-DE-OBRA
A9: CÓD. | B9: ORGÃO | C9: DESCRIÇÃO | F9: UND | G9: COEF | H9: R$ UNIT. | I9: R$ PARCIAL
A10: 010139 | B10: DER-ES | C10: Pedreiro | E10: Encargo: 157,27% | F10: h | G10: 3.375 | H10: 17.85 | I10: =G10*H10 -> 60.24375
A11: 010146 | B11: DER-ES | C11: Servente | E11: Encargo: 157,27% | F11: h | G11: 3.375 | H11: 13.12 | I11: =G11*H11 -> 44.28
A13: TOTAL A | I13: =SUM(I10:I11) -> 104.52375
A15: MATERIAIS/ SERVIÇOS
A16: CÓD. | B16: ORGÃO | C16: DESCRIÇÃO | F16: UND | G16: COEF | H16: R$ UNIT. | I16: R$ PARCIAL
A17: 020503 | B17: DER-ES | C17: Areia Lavada Média | F17: m3 | G17: 0.009 | H17: 89.67 | I17: =G17*H17 -> 0.80703
A18: 020505 | B18: DER-ES | C18: Cal hidratado p/ argamassa CHIII | F18: kg | G18: 0.64125 | H18: 0.79 | I18: =G18*H18 -> 0.5065875
A19: 020508 | B19: DER-ES | C19: Cimento Portland CPIII-40 | F19: kg | G19: 3.195 | H19: 0.45 | I19: =G19*H19 -> 1.43775
A20: COTAÇÃO 03 | C20: Gradil galvanizado revestido com pintura eletrostática na cor branca em poliéster | F20: unid | G20: 1 | H20: =[1]COTAÇÕES!P9 -> 19440.597 | I20: =G20*H20 -> 19440.597
A22: TOTAL B | I22: =SUM(I17:I21) -> 19443.348
A24: EQUIPAMENTOS
C25: DESCRIÇÃO | F25: UND | G25: COEF | H25: R$ UNIT. | I25: R$ PARCIAL
A28: TOTAL C | I28: =I26 -> 0
A30: RESUMO
A31: TOTAL A | I31: =I13 -> 104.52375
A32: TOTAL B | I32: =I22 -> 19443.348
A33: TOTAL C | I33: =I28 -> 0
A34: PREÇO DE VENDA = TOTAL (A+B+C) | I34: =SUM(I31:I33) -> 19547.872

Sheet COMP-04
A1: COMPOSIÇÃO ANALÍTICA DE PREÇO UNITÁRIO | I1: Data-base
I3: 44287
I4: COMP-04
A5: SERVIÇO: Porta de correr de alumínio, com duas folhas para vidro, incluso vidro liso incolor, fechadura e puxador, sem alizar | I5: UND: m²
A7: REFERÊNCIA: SINAPI 100702
A8: MÃO-DE-OBRA
A9: CÓD. | B9: ORGÃO | C9: DESCRIÇÃO | F9: UND | G9: COEF | H9: R$ UNIT. | I9: R$ PARCIAL
A10: 88309 | B10: SINAPI | C10: PEDREIRO COM ENCARGOS COMPLEMENTARES | E10: Encargo: 157,27% | F10: h | G10: 0.282 | H10: =(20.93/1.8674)*2.5727 -> 28.835071 | I10: =G10*H10 -> 8.1314899
A11: 88316 | B11: SINAPI | C11: SERVENTE COM ENCARGOS COMPLEMENTARES | E11: Encargo: 157,27% | F11: h | G11: 0.141 | H11: =(14.98/1.8674)*2.5727 -> 20.63781 | I11: =H11*G11 -> 2.9099312
A12: TOTAL A | I12: =I10+I11 -> 11.041421
A14: MATERIAIS/ SERVIÇOS
A15: CÓD. | B15: ORGÃO | C15: DESCRIÇÃO | F15: UND | G15: COEF | H15: R$ UNIT. | I15: R$ PARCIAL
A16: 142 | B16: SINAPI | C16: SELANTE ELASTICO MONOCOMPONENTE A BASE DE POLIURETANO (PU) PARA JUNTAS DIVERSAS 310ML | F16: 310ML | G16: 0.0637 | H16: 26.37 | I16: =H16*G16 -> 1.679769
A17: 4922 | B17: SINAPI | C17: PORTA DE CORRER EM ALUMINIO, DUAS FOLHAS MOVEIS COM VIDRO, FECHADURA E PUXADOR EMBUTIDO, ACABAMENTO ANODIZADO NATURAL, SEM GUARNICAO/ALIZAR/VISTA | F17: M2 | G17: 1 | H17: 365.62 | I17: =H17*G17 -> 365.62
A18: 7568 | B18: SINAPI | C18: BUCHA DE NYLON SEM ABA S10, COM PARAFUSO DE 6,10 X 65 MM EM ACO ZINCADO COM ROSCA SOBERBA, CABECA CHATA E FENDA PHILLIPS | F18: UND | G18: 4.72 | H18: 0.49 | I18: =H18*G18 -> 2.3128
A19: 36888 | B19: SINAPI | C19: GUARNICAO/MOLDURA DE ACABAMENTO PARA ESQUADRIA DE ALUMINIO ANODIZADO NATURAL, PARA 1 FACE | F19: M | G19: 2.202 | H19: 16.89 | I19: =H19*G19 -> 37.19178
A20: TOTAL B | I20: =SUM(I16:I19) -> 406.80435
A23: EQUIPAMENTOS
C24: DESCRIÇÃO | F24: UND | G24: COEF | H24: R$ UNIT. | I24: R$ PARCIAL
A26: TOTAL C | I26: =I25 -> 0
A28: RESUMO
A29: TOTAL A | I29: =I12 -> 11.041421
A30: TOTAL B | I30: =I20 -> 406.80435
A31: TOTAL C | I31: =I26 -> 0
A32: PREÇO DE VENDA = TOTAL (A+B+C) | I32: =SUM(I29:I30) -> 417.84577

Sheet COMP-05
A1: COMPOSIÇÃO ANALÍTICA DE PREÇO UNITÁRIO | I1: Data-base
I3: 44287
I4: COMP-05
A5: SERVIÇO: Cobertura em tela sombreiro com estrutura metálica | I5: UND: und
A7: REFERÊNCIA: DER-ES 200130
A8: MÃO-DE-OBRA
A9: CÓD. | B9: ORGÃO | C9: DESCRIÇÃO | F9: UND | G9: COEF | H9: R$ UNIT. | I9: R$ PARCIAL
A10: 010139 | B10: DER-ES | C10: Pedreiro | E10: Encargo: 157,27% | F10: h | G10: 3.375 | H10: 17.85 | I10: =G10*H10 -> 60.24375
A11: 010146 | B11: DER-ES | C11: Servente | E11: Encargo: 157,27% | F11: h | G11: 3.375 | H11: 13.12 | I11: =G11*H11 -> 44.28
A12: TOTAL A | I12: =SUM(I10:I11) -> 104.52375
A14: MATERIAIS/ SERVIÇOS
A15: CÓD. | B15: ORGÃO | C15: DESCRIÇÃO | F15: UND | G15: COEF | H15: R$ UNIT. | I15: R$ PARCIAL
A16: 020503 | B16: DER-ES | C16: Areia Lavada Média | F16: m3 | G16: 0.009 | H16: 89.67 | I16: =G16*H16 -> 0.80703
A17: 020505 | B17: DER-ES | C17: Cal hidratado p/ argamassa CHIII | F17: kg | G17: 0.64125 | H17: 0.79 | I17: =G17*H17 -> 0.5065875
A18: 020508 | B18: DER-ES | C18: Cimento Portland CPIII-40 | F18: kg | G18: 3.195 | H18: 0.45 | I18: =G18*H18 -> 1.43775
A19: COTAÇÃO 04 | C19: Cobertura em tela sombreiro com estrutura metálica | F19: und | G19: 1 | H19: =[1]COTAÇÕES!P10 -> 7766.6667 | I19: =G19*H19 -> 7766.6667
A21: TOTAL B | I21: =SUM(I16:I19) -> 7769.418
A23: EQUIPAMENTOS
C24: DESCRIÇÃO | F24: UND | G24: COEF | H24: R$ UNIT. | I24: R$ PARCIAL
A27: TOTAL C | I27: =I25 -> 0
A29: RESUMO
A30: TOTAL A | I30: =I12 -> 104.52375
A31: TOTAL B | I31: =I21 -> 7769.418
A32: TOTAL C | I32: =I22 -> 0
A33: PREÇO DE VENDA = TOTAL (A+B+C) | I33: =SUM(I30:I31) -> 7873.9418

Sheet COMP-06
A1: COMPOSIÇÃO ANALÍTICA DE PREÇO UNITÁRIO | I1: Data-base
I3: 44287
I4: COMP-06
A5: SERVIÇO: Platibanda de alvenaria de bloco cerâmico 10x20x20cm, assentado com argamassa de cimento, cal hidratada CH1 e areia no traço 1:0,5:8, amarrada com pilaretes em conc. arm. a cada 2m, excl. revest. | I5: UND: m²
A7: REFERÊNCIA: DER-ES 090403
A8: MÃO-DE-OBRA
A9: CÓD. | B9: ORGÃO | C9: DESCRIÇÃO | F9: UND | G9: COEF | H9: R$ UNIT. | I9: R$ PARCIAL
A10: 010101 | B10: DER-ES | C10: Ajudante | E10: Encargo: 157,27% | F10: h | G10: 0.412 | H10: 15.08 | I10: =G10*H10 -> 6.21296
A11: 010121 | B11: DER-ES | C11: Armador | E11: Encargo: 157,27% | F11: h | G11: 0.152 | H11: 17.85 | I11: =G11*H11 -> 2.7132
A12: 010111 | B12: DER-ES | C12: Carpinteiro | E12: Encargo: 157,27% | F12: h | G12: 0.26 | H12: 17.85 | I12: =G12*H12 -> 4.641
A13: 010139 | B13: DER-ES | C13: Pedreiro | E13: Encargo: 157,27% | F13: h | G13: 1.02 | H13: 17.85 | I13: =G13*H13 -> 18.207
A14: 010146 | B14: DER-ES | C14: Servente | E14: Encargo: 157,27% | F14: h | G14: 1.24 | H14: 13.12 | I14: =H14*G14 -> 16.2688
A15: TOTAL A | I15: =I10+I11+I12+I13+I14 -> 48.04296
A17: MATERIAIS/ SERVIÇOS
A18: CÓD. | B18: ORGÃO | C18: DESCRIÇÃO | F18: UND | G18: COEF | H18: R$ UNIT. | I18: R$ PARCIAL
A19: 021517 | B19: DER-ES | C19: Aço CA-50 de 8.0 mm | F19: kg | G19: 2.185 | H19: 9.13 | I19: =H19*G19 -> 19.94905
A20: 027010 | B20: DER-ES | C20: Arame recozido n.18 BWG | F20: kg | G20: 0.038 | H20: 21.8 | I20: =H20*G20 -> 0.8284
A21: 020503 | B21: DER-ES | C21: Areia lavada média | F21: m³ | G21: 0.02036 | H21: 89.67 | I21: =H21*G21 -> 1.8256812
A22: 022585 | B22: DER-ES | C22: Bloco cerâmico 10 furos 09x19x19 cm | F22: und | G22: 25 | H22: 1.01 | I22: =H22*G22 -> 25.25
A23: 020517 | B23: DER-ES | C23: Brita 01 | F23: m³ | G23: 0.0026 | H23: 95.3 | I23: =H23*G23 -> 0.24778
A24: 020518 | B24: DER-ES | C24: Brita 02 | F24: m³ | G24: 0.0062 | H24: 95.3 | I24: =H24*G24 -> 0.59086
A25: 020505 | B25: DER-ES | C25: Cal Hidratado p/ argamassa CH III | F25: kg | G25: 0.5284 | H25: 0.79 | I25: =H25*G25 -> 0.417436
A26: 020508 | B26: DER-ES | C26: Cimento Portland CP III - 40 | F26: kg | G26: 5.442 | H26: 0.45 | I26: =H26*G26 -> 2.4489
A27: 028008 | B27: DER-ES | C27: Desmoldante para formas | F27: l | G27: 0.08 | H27: 10.14 | I27: =H27*G27 -> 0.8112
A28: 026569 | B28: DER-ES | C28: Prego 18x27 | F28: kg | G28: 0.03 | H28: 16.88 | I28: =H28*G28 -> 0.5064
A29: 020985 | B29: DER-ES | C29: Sarrafo de madeira pinus 10x2,5 cm | F29: m | G29: 0.1 | H29: 6.42 | I29: =H29*G29 -> 0.642
A30: 020988 | B30: DER-ES | C30: Tábua de madeira pinus 30x2,5 cm | F30: m | G30: 0.2 | H30: 13.72 | I30: =H30*G30 -> 2.744
A32: TOTAL B | I32: =SUM(I19:I31) -> 56.261707
A34: EQUIPAMENTOS
C35: DESCRIÇÃO | F35: UND | G35: COEF | H35: R$ UNIT. | I35: R$ PARCIAL
A36: 080125 | B36: DER-ES | C36: Betoneira 320L | F36: h | G36: 0.0071 | H36: 31.22 | I36: =H36*G36 -> 0.221662
A38: TOTAL C | I38: =I36 -> 0.221662
A40: RESUMO
A41: TOTAL A | I41: =I15 -> 48.04296
A42: TOTAL B | I42: =I32 -> 56.261707
A43: TOTAL C | I43: =I38 -> 0.221662
A44: PREÇO DE VENDA = TOTAL (A+B+C) | I44: =SUM(I41:I43) -> 104.52633

Sheet COMP-07
A1: COMPOSIÇÃO ANALÍTICA DE PREÇO UNITÁRIO | I1: Data-base
I3: 44287
I4: COMP-07
A5: SERVIÇO: Piso em granito preto São Gabriel, acabamento polido, com ranhuras antiderrapantes assentado com argamassa de cimento colante, inclusive rejuntamento | I5: UND: m2
A7: REFERÊNCIA: DER-ES 130219
A8: MÃO-DE-OBRA
A9: CÓD. | B9: ORGÃO | C9: DESCRIÇÃO | F9: UND | G9: COEF | H9: R$ UNIT. | I9: R$ PARCIAL
A10: 010124 | B10: DER-ES | C10: GRANITEIRO/MARMORISTA (OFICIAL - SINDUSCON) (LABOR) | E10: Encargo: 157,27% | F10: h | G10: 0.55 | H10: 17.85 | I10: =G10*H10 -> 9.8175
A11: 010146 | B11: DER-ES | C11: Servente | E11: Encargo: 157,27% | F11: h | G11: 0.42 | H11: 13.12 | I11: =G11*H11 -> 5.5104
A13: TOTAL A | I13: =I10+I11 -> 15.3279
A15: MATERIAIS/ SERVIÇOS
A16: CÓD. | B16: ORGÃO | C16: DESCRIÇÃO | F16: UND | G16: COEF | H16: R$ UNIT. | I16: R$ PARCIAL
A17: 020509 | B17: DER-ES | C17: Cimento Branco não estrututral | F17: kg | G17: 0.334 | H17: 3.86 | I17: =G17*H17 -> 1.28924
A18: 020510 | B18: DER-ES | C18: Cimento colante industrializado ACI | F18: kg | G18: 7.5 | H18: 0.7 | I18: =G18*H18 -> 5.25
A19: COTAÇÃO 05 | C19: Granito Preto São Gabriel | F19: m2 | G19: 1 | H19: =[1]COTAÇÕES!P11 -> 316.66667 | I19: =G19*H19 -> 316.66667
A21: TOTAL B | I21: =SUM(I17:I20) -> 323.20591
A23: EQUIPAMENTOS
C24: DESCRIÇÃO | F24: UND | G24: COEF | H24: R$ UNIT. | I24: R$ PARCIAL
A27: TOTAL C | I27: =I25 -> 0
A29: RESUMO
A30: TOTAL A | I30: =I13 -> 15.3279
A31: TOTAL B | I31: =I21 -> 323.20591
A32: TOTAL C | I32: =I27 -> 0
A33: PREÇO DE VENDA = TOTAL (A+B+C) | I33: =SUM(I30:I32) -> 338.53381

Sheet COMP-08
A1: COMPOSIÇÃO ANALÍTICA DE PREÇO UNITÁRIO | I1: Data-base
I3: 44287
I4: COMP-08
A5: SERVIÇO: Peitoril de granito cinza polido, 19 cm, esp. 3cm | I5: UND: M
A7: REFERÊNCIA: DER-ES 130317
A8: MÃO-DE-OBRA
A9: CÓD. | B9: ORGÃO | C9: DESCRIÇÃO | F9: UND | G9: COEF | H9: R$ UNIT. | I9: R$ PARCIAL
A10: 010139 | B10: DER-ES | C10: Pedreiro | E10: Encargo: 157,27% | F10: h | G10: 0.84 | H10: 17.85 | I10: =G10*H10 -> 14.994
A11: 010146 | B11: DER-ES | C11: Servente | E11: Encargo: 157,27% | F11: h | G11: 0.91 | H11: 13.12 | I11: =H11*G11 -> 11.9392
A12: TOTAL A | I12: =I10+I11 -> 26.9332
A14: MATERIAIS/ SERVIÇOS
A15: CÓD. | B15: ORGÃO | C15: DESCRIÇÃO | F15: UND | G15: COEF | H15: R$ UNIT. | I15: R$ PARCIAL
A16: 020503 | B16: DER-ES | C16: Areia lavada média | F16: m³ | G16: 0.00861 | H16: 89.67 | I16: =H16*G16 -> 0.7720587
A17: 020505 | B17: DER-ES | C17: Cal Hidratado p/ argamassa CH III | F17: kg | G17: 1.274 | H17: 0.79 | I17: =H17*G17 -> 1.00646
A18: 020508 | B18: DER-ES | C18: Cimento Portland CP III - 40 | F18: kg | G18: 2.562 | H18: 0.45 | I18: =H18*G18 -> 1.1529
A19: 023522 | B19: DER-ES | C19: Granito Cinza Andorinha E = 3cm polido dos dois lados | F19: m² | G19: 0.19 | H19: 274.62 | I19: =G19*H19 -> 52.1778
A21: TOTAL B | I21: =SUM(I16:I20) -> 55.109219
A24: EQUIPAMENTOS
C25: DESCRIÇÃO | F25: UND | G25: COEF | H25: R$ UNIT. | I25: R$ PARCIAL
A27: TOTAL C | I27: =I26 -> 0
A29: RESUMO
A30: TOTAL A | I30: =I12 -> 26.9332
A31: TOTAL B | I31: =I21 -> 55.109219
A32: TOTAL C | I32: =I22 -> 0
A33: PREÇO DE VENDA = TOTAL (A+B+C) | I33: =SUM(I30:I31) -> 82.042419

Sheet COMP-09
A1: COMPOSIÇÃO ANALÍTICA DE PREÇO UNITÁRIO | I1: Data-base
I3: 44287
I4: COMP-09
A5: SERVIÇO: Rodapé de granito Preto São Gabriel esp. 2cm, h=7cm, assentado com argamassa de cimento, cal hidratada CH1 e areia no traço 1:0,5:8, incl. rejuntamento com cimento branco | I5: UND: M²
A7: REFERÊNCIA: DER-ES 130321
A8: MÃO-DE-OBRA
A9: CÓD. | B9: ORGÃO | C9: DESCRIÇÃO | F9: UND | G9: COEF | H9: R$ UNIT. | I9: R$ PARCIAL
A10: 010124 | B10: DER-ES | C10: Graniteiro/Marmorista | E10: Encargo: 157,27% | F10: h | G10: 0.51 | H10: 17.85 | I10: =G10*H10 -> 9.1035
A11: 010146 | B11: DER-ES | C11: Servente | E11: Encargo: 157,27% | F11: h | G11: 0.75 | H11: 13.12 | I11: =G11*H11 -> 9.84
A13: TOTAL A | I13: =I10+I11 -> 18.9435
A15: MATERIAIS/ SERVIÇOS
A16: CÓD. | B16: ORGÃO | C16: DESCRIÇÃO | F16: UND | G16: COEF | H16: R$ UNIT. | I16: R$ PARCIAL
A17: 020503 | B17: DER-ES | C17: Areia Lavada Média | F17: m3 | G17: 0.00826 | H17: 89.67 | I17: =G17*H17 -> 0.7406742
A18: 020505 | B18: DER-ES | C18: Cal Hidratado p/ argamassa CH III | F18: kg | G18: 0.308 | H18: 0.79 | I18: =H18*G18 -> 0.24332
A19: 020509 | B19: DER-ES | C19: Cimento Branco não estrutural | F19: kg | G19: 0.5 | H19: 3.86 | I19: =H19*G19 -> 1.93
A20: 020508 | B20: DER-ES | C20: Cimento Portland CP III - 40 | F20: kg | G20: 1.19 | H20: 0.45 | I20: =H20*G20 -> 0.5355
A21: COTAÇÃO 05 | C21: Granito Preto São Gabriel | F21: m2 | G21: 0.07 | H21: =[1]COTAÇÕES!P11 -> 316.66667 | I21: =H21*G21 -> 22.166667
A23: TOTAL B | I23: =SUM(I17:I22) -> 25.616161
A25: EQUIPAMENTOS
C26: DESCRIÇÃO | F26: UND | G26: COEF | H26: R$ UNIT. | I26: R$ PARCIAL
A29: TOTAL C | I29: =I27 -> 0
A31: RESUMO
A32: TOTAL A | I32: =I13 -> 18.9435
A33: TOTAL B | I33: =I23 -> 25.616161
A34: TOTAL C | I34: =I29 -> 0
A35: PREÇO DE VENDA = TOTAL (A+B+C) | I35: =SUM(I32:I34) -> 44.559661

Sheet COMP-10
A1: COMPOSIÇÃO ANALÍTICA DE PREÇO UNITÁRIO | I1: Data-base
I3: 44287
I4: COMP-10
A5: SERVIÇO: Mini-Disjuntor monopolar 13 A, curva C - 5KA 220/127VCA (NBR IEC 60947-2), Ref. Siemens, GE, Schneider ou equivalente | I5: UND: und
A8: REFERÊNCIA: DER-ES 151301
A9: CÓD. | B9: ORGÃO | C9: DESCRIÇÃO | F9: UND | G9: COEF | H9: R$ UNIT. | I9: R$ PARCIAL
A10: 010101 | B10: DER-ES | C10: Ajudante | E10: Encargo: 157,27% | F10: h | G10: 0.3 | H10: 15.08 | I10: =G10*H10 -> 4.524
A11: 010115 | B11: DER-ES | C11: Eletricista | E11: Encargo: 157,27% | F11: h | G11: 0.3 | H11: 17.85 | I11: =G11*H11 -> 5.355
A12: TOTAL A | I12: =I10+I11 -> 9.879
A14: MATERIAIS/ SERVIÇOS
A15: CÓD. | B15: ORGÃO | C15: DESCRIÇÃO | F15: UND | G15: COEF | H15: R$ UNIT. | I15: R$ PARCIAL
A16: 00034653 | B16: SINAPI | C16: DISJUNTOR TIPO DIN/IEC, MONOPOLAR DE 6 ATE 32A | F16: UND | G16: 1 | H16: 8.3 | I16: =G16*H16 -> 8.3
A17: TOTAL B | I17: =SUM(I16:I16) -> 8.3
A20: EQUIPAMENTOS
C21: DESCRIÇÃO | F21: UND | G21: COEF | H21: R$ UNIT. | I21: R$ PARCIAL
A23: TOTAL C | I23: =I22 -> 0
A25: RESUMO
A26: TOTAL A | I26: =I12 -> 9.879
A27: TOTAL B | I27: =I17 -> 8.3
A28: TOTAL C | I28: =I18 -> 0
A29: PREÇO DE VENDA = TOTAL (A+B+C) | I29: =SUM(I26:I27) -> 18.179

Sheet COMP-11
A1: COMPOSIÇÃO ANALÍTICA DE PREÇO UNITÁRIO | I1: Data-base
I3: 44287
I4: COMP-11
A5: SERVIÇO: Mini-Disjuntor tripolar 125 A, curva C - 5KA 240VCA (NBR IEC 60947-2), Ref. Siemens, GE, Schneider ou equivalente | I5: UND: und
A8: REFERÊNCIA: DER-ES 151331
A9: CÓD. | B9: ORGÃO | C9: DESCRIÇÃO | F9: UND | G9: COEF | H9: R$ UNIT. | I9: R$ PARCIAL
A10: 010101 | B10: DER-ES | C10: Ajudante | E10: Encargo: 157,27% | F10: h | G10: 0.9 | H10: 15.08 | I10: =G10*H10 -> 13.572
A11: 010115 | B11: DER-ES | C11: Eletricista | E11: Encargo: 157,27% | F11: h | G11: 0.9 | H11: 17.85 | I11: =G11*H11 -> 16.065
A12: TOTAL A | I12: =I10+I11 -> 29.637
A14: MATERIAIS/ SERVIÇOS
A15: CÓD. | B15: ORGÃO | C15: DESCRIÇÃO | F15: UND | G15: COEF | H15: R$ UNIT. | I15: R$ PARCIAL
A16: 00002391 | B16: SINAPI | C16: DISJUNTOR TERMOMAGNETICO TRIPOLAR 125A | F16: UND | G16: 1 | H16: 317.96 | I16: =G16*H16 -> 317.96
A18: TOTAL B | I18: =SUM(I16:I17) -> 317.96
A21: EQUIPAMENTOS
C22: DESCRIÇÃO | F22: UND | G22: COEF | H22: R$ UNIT. | I22: R$ PARCIAL
A24: TOTAL C | I24: =I23 -> 0
A26: RESUMO
A27: TOTAL A | I27: =I12 -> 29.637
A28: TOTAL B | I28: =I18 -> 317.96
A29: TOTAL C | I29: =I19 -> 0
A30: PREÇO DE VENDA = TOTAL (A+B+C) | I30: =SUM(I27:I29) -> 347.597

Sheet COMP-12
A1: COMPOSIÇÃO ANALÍTICA DE PREÇO UNITÁRIO | I1: Data-base
I3: 44287
I4: COMP-12
A5: SERVIÇO: INTERRUPTOR SIMPLES (1 MÓDULO) COM INTERRUPTOR PARALELO (1 MÓDULO), 10A/250V, SEM SUPORTE E SEM PLACA - FORNECIMENTO E INSTALAÇÃO. | I5: UND: und
A7: MÃO-DE-OBRA
A8: REFERÊNCIA: SINAPI 91956
A9: CÓD. | B9: ORGÃO | C9: DESCRIÇÃO | F9: UND | G9: COEF | H9: R$ UNIT. | I9: R$ PARCIAL
A10: 88247 | B10: SINAPI | C10: AUXILIAR DE ELETRICISTA COM ENCARGOS COMPLEMENTARES | E10: Encargo: 157,27% | F10: h | G10: 0.472 | H10: =(17.46/1.8674)*2.5727 -> 24.054483 | I10: =G10*H10 -> 11.353716
A11: 88264 | B11: SINAPI | C11: ELETRICISTA COM ENCARGOS COMPLEMENTARES | E11: Encargo: 157,27% | F11: h | G11: 0.472 | H11: =(22.54/1.8674)*2.5727 -> 31.053153 | I11: =G11*H11 -> 14.657088
A12: TOTAL A | I12: =I10+I11 -> 26.010804
A14: MATERIAIS/ SERVIÇOS
A15: CÓD. | B15: ORGÃO | C15: DESCRIÇÃO | F15: UND | G15: COEF | H15: R$ UNIT. | I15: R$ PARCIAL
A16: 38112 | B16: SINAPI | C16: INTERRUPTOR SIMPLES 10A, 250V (APENAS MODULO) | F16: und | G16: 1 | H16: 6.91 | I16: =G16*H16 -> 6.91
A17: 38113 | B17: SINAPI | C17: INTERRUPTOR PARALELO 10A, 250V (APENAS MODULO) | F17: und | G17: 1 | H17: 9.01 | I17: =G17*H17 -> 9.01
A19: TOTAL B | I19: =SUM(I16:I18) -> 15.92
A22: EQUIPAMENTOS
C23: DESCRIÇÃO | F23: UND | G23: COEF | H23: R$ UNIT. | I23: R$ PARCIAL
A25: TOTAL C | I25: =I24 -> 0
A27: RESUMO
A28: TOTAL A | I28: =I12 -> 26.010804
A29: TOTAL B | I29: =I19 -> 15.92
A30: TOTAL C | I30: =I20 -> 0
A31: PREÇO DE VENDA = TOTAL (A+B+C) | I31: =SUM(I29:I29) -> 15.92

Sheet COMP-13
A1: COMPOSIÇÃO ANALÍTICA DE PREÇO UNITÁRIO | I1: Data-base
I3: 44287
I4: COMP-13
A5: SERVIÇO: Painel de LED de embutir quadrado, 30x30cm, 24w, 4000k, Avant ou similar | I5: UND: und
A7: REFERÊNCIA: DER-ES 181003
A8: MÃO-DE-OBRA
A9: CÓD. | B9: ORGÃO | C9: DESCRIÇÃO | F9: UND | G9: COEF | H9: R$ UNIT. | I9: R$ PARCIAL
A10: 010101 | B10: DER-ES | C10: Ajudante | E10: Encargo: 157,27% | F10: h | G10: 0.85 | H10: 15.08 | I10: =G10*H10 -> 12.818
A11: 010115 | B11: DER-ES | C11: Eletricista | E11: Encargo: 157,27% | F11: h | G11: 0.85 | H11: 17.85 | I11: =H11*G11 -> 15.1725
A12: TOTAL A | I12: =I10+I11 -> 27.9905
A14: MATERIAIS/ SERVIÇOS
A15: CÓD. | B15: ORGÃO | C15: DESCRIÇÃO | F15: UND | G15: COEF | H15: R$ UNIT. | I15: R$ PARCIAL
A16: COTAÇÃO 06 | C16: Painel de LED de embutir quadrado, 30x30cm, 24w, 4000k, Avant ou similar | F16: und | G16: 1 | H16: =[1]COTAÇÕES!P12 -> 57.26 | I16: =H16*G16 -> 57.26
A18: TOTAL B | I18: =SUM(I16:I17) -> 57.26
A21: EQUIPAMENTOS
C22: DESCRIÇÃO | F22: UND | G22: COEF | H22: R$ UNIT. | I22: R$ PARCIAL
A24: TOTAL C | I24: =I23 -> 0
A26: RESUMO
A27: TOTAL A | I27: =I12 -> 27.9905
A28: TOTAL B | I28: =I18 -> 57.26
A29: TOTAL C | I29: =I19 -> 0
A30: PREÇO DE VENDA = TOTAL (A+B+C) | I30: =SUM(I27:I28) -> 85.2505

Sheet COMP-14
A1: COMPOSIÇÃO ANALÍTICA DE PREÇO UNITÁRIO | I1: Data-base
I3: 44287
I4: COMP-14
A5: SERVIÇO: Puxador para PCD, fixado na porta - fornecimento e instalação. | I5: UND: und
A7: REFERÊNCIA: SINAPI 100874
A8: MÃO-DE-OBRA
A9: CÓD. | B9: ORGÃO | C9: DESCRIÇÃO | F9: UND | G9: COEF | H9: R$ UNIT. | I9: R$ PARCIAL
A10: 88267 | B10: SINAPI | C10: ENCANADOR OU BOMBEIRO HIDRÁULICO COM ENCARGOS COMPLEMENTARES | E10: Encargo: 157,27% | F10: h | G10: 0.9485 | H10: =(18.8/1.8674)*2.5727 -> 25.900589 | I10: =G10*H10 -> 24.566709
A11: 88316 | B11: SINAPI | C11: SERVENTE COM ENCARGOS COMPLEMENTARES | E11: Encargo: 157,27% | F11: h | G11: 0.2988 | H11: =(14.98/1.8674)*2.5727 -> 20.63781 | I11: =H11*G11 -> 6.1665776
A12: TOTAL A | I12: =I10+I11 -> 30.733286
A14: MATERIAIS/ SERVIÇOS
A15: CÓD. | B15: ORGÃO | C15: DESCRIÇÃO | F15: UND | G15: COEF | H15: R$ UNIT. | I15: R$ PARCIAL
A16: 4351 | B16: SINAPI | C16: PARAFUSO NIQUELADO 3 1/2" COM ACABAMENTO CROMADO PARA FIXAR PECA SANITARIA, INCLUI PORCA CEGA, ARRUELA E BUCHA DE NYLON TAMANHO S-8 | F16: UND | G16: 6 | H16: 8.55 | I16: =H16*G16 -> 51.3
A17: 36204 | B17: SINAPI | C17: BARRA DE APOIO RETA, EM ACO INOX POLIDO, COMPRIMENTO 60CM, DIAMETRO MINIMO 3 CM | F17: UND | G17: 1 | H17: 156.99 | I17: =H17*G17 -> 156.99
A18: TOTAL B | I18: =SUM(I16:I17) -> 208.29
A21: EQUIPAMENTOS
C22: DESCRIÇÃO | F22: UND | G22: COEF | H22: R$ UNIT. | I22: R$ PARCIAL
A24: TOTAL C | I24: =I23 -> 0
A26: RESUMO
A27: TOTAL A | I27: =I12 -> 30.733286
A28: TOTAL B | I28: =I18 -> 208.29
A29: TOTAL C | I29: =I19 -> 0
A30: PREÇO DE VENDA = TOTAL (A+B+C) | I30: =SUM(I27:I28) -> 239.02329

Sheet COMP-15
A1: COMPOSIÇÃO ANALÍTICA DE PREÇO UNITÁRIO | I1: Data-base
I3: 44287
I4: COMP-15
A5: SERVIÇO: BARRA DE APOIO EM "L", EM ACO INOX POLIDO 80 X 80 CM, FIXADA NA PAREDE - FORNECIMENTO E INSTALACAO. | I5: UND: und
A7: REFERÊNCIA: SINAPI 100864
A8: MÃO-DE-OBRA
A9: CÓD. | B9: ORGÃO | C9: DESCRIÇÃO | F9: UND | G9: COEF | H9: R$ UNIT. | I9: R$ PARCIAL
A10: 88267 | B10: SINAPI | C10: ENCANADOR OU BOMBEIRO HIDRÁULICO COM ENCARGOS COMPLEMENTARES | E10: Encargo: 157,27% | F10: h | G10: 1.4228 | H10: =(18.8/1.8674)*2.5727 -> 25.900589 | I10: =G10*H10 -> 36.851358
A11: 88316 | B11: SINAPI | C11: SERVENTE COM ENCARGOS COMPLEMENTARES | E11: Encargo: 157,27% | F11: h | G11: 0.4483 | H11: =(14.98/1.8674)*2.5727 -> 20.63781 | I11: =H11*G11 -> 9.2519301
A12: TOTAL A | I12: =I10+I11 -> 46.103288
A14: MATERIAIS/ SERVIÇOS
A15: CÓD. | B15: ORGÃO | C15: DESCRIÇÃO | F15: UND | G15: COEF | H15: R$ UNIT. | I15: R$ PARCIAL
A16: 4351 | B16: SINAPI | C16: PARAFUSO NIQUELADO 3 1/2" COM ACABAMENTO CROMADO PARA FIXAR PECA SANITARIA, INCLUI PORCA CEGA, ARRUELA E BUCHA DE NYLON TAMANHO S-8 | F16: UND | G16: 9 | H16: 8.55 | I16: =H16*G16 -> 76.95
A17: 36209 | B17: SINAPI | C17: BARRA DE APOIO EM "L", EM ACO INOX POLIDO 80 X 80 CM, DIAMETRO MINIMO 3 CM | F17: UND | G17: 1 | H17: 409.22 | I17: =H17*G17 -> 409.22
A18: TOTAL B | I18: =SUM(I16:I17) -> 486.17
A21: EQUIPAMENTOS
C22: DESCRIÇÃO | F22: UND | G22: COEF | H22: R$ UNIT. | I22: R$ PARCIAL
A24: TOTAL C | I24: =I23 -> 0
A26: RESUMO
A27: TOTAL A | I27: =I12 -> 46.103288
A28: TOTAL B | I28: =I18 -> 486.17
A29: TOTAL C | I29: =I19 -> 0
A30: PREÇO DE VENDA = TOTAL (A+B+C) | I30: =SUM(I27:I28) -> 532.27329

Sheet COMP-16
A1: COMPOSIÇÃO ANALÍTICA DE PREÇO UNITÁRIO | I1: Data-base
I3: 44287
I4: COMP-16
A5: SERVIÇO: Fornecimento e instalação de Ar Condicionado Split Inverter 9000 Btu/h | I5: UND: und
A7: MÃO-DE-OBRA
A8: CÓD. | B8: ORGÃO | C8: DESCRIÇÃO | F8: UND | G8: COEF | H8: R$ UNIT. | I8: R$ PARCIAL
A10: TOTAL A | I10: =I9 -> 0
A12: MATERIAIS/ SERVIÇOS
A13: CÓD. | B13: ORGÃO | C13: DESCRIÇÃO | F13: UND | G13: COEF | H13: R$ UNIT. | I13: R$ PARCIAL
A14: COTAÇÃO 08 | C14: Instalação de ar Condicionado 9000 e 12000 Btu/h | F14: UND | G14: 1 | H14: =[1]COTAÇÕES!P14 -> 2880.6667 | I14: =H14*G14 -> 2880.6667
A15: 00042424 | B15: SINAPI | C15: AR CONDICIONADO SPLIT INVERTER, HI-WALL (PAREDE), 9000 BTU/H, CICLO FRIO, 60HZ, UN 1.756,65 CLASSIFICACAO A (SELO PROCEL), GAS HFC, CONTROLE S/FIO | F15: UND | G15: 1 | H15: 1864.94 | I15: =H15*G15 -> 1864.94
A16: TOTAL B | I16: =SUM(I14:I15) -> 4745.6067
A19: EQUIPAMENTOS
C20: DESCRIÇÃO | F20: UND | G20: COEF | H20: R$ UNIT. | I20: R$ PARCIAL
A22: TOTAL C | I22: =I21 -> 0
A24: RESUMO
A25: TOTAL A | I25: =I10 -> 0
A26: TOTAL B | I26: =I16 -> 4745.6067
A27: TOTAL C | I27: =I17 -> 0
A28: PREÇO DE VENDA = TOTAL (A+B+C) | I28: =SUM(I26:I26) -> 4745.6067

Sheet COMP-17
A1: COMPOSIÇÃO ANALÍTICA DE PREÇO UNITÁRIO | I1: Data-base
I3: 44287
I4: COMP-17
A5: SERVIÇO: Fornecimento e instalação de Ar Condicionado Split Inverter 12000 Btu/h | I5: UND: und
A7: MÃO-DE-OBRA
A8: CÓD. | B8: ORGÃO | C8: DESCRIÇÃO | F8: UND | G8: COEF | H8: R$ UNIT. | I8: R$ PARCIAL
A11: TOTAL A | I11: =I9+I10 -> 0
A13: MATERIAIS/ SERVIÇOS
A14: CÓD. | B14: ORGÃO | C14: DESCRIÇÃO | F14: UND | G14: COEF | H14: R$ UNIT. | I14: R$ PARCIAL
A15: COTAÇÃO 08 | C15: Instalação de ar Condicionado 9000 e 12000 Btu/h | F15: UND | G15: 1 | H15: =[1]COTAÇÕES!P14 -> 2880.6667 | I15: =H15*G15 -> 2880.6667
A16: 00042425 | B16: SINAPI | C16: AR CONDICIONADO SPLIT INVERTER, HI-WALL (PAREDE), 12000 BTU/H, CICLO FRIO, 60HZ, UN 1.966,95 CLASSIFICACAO A (SELO PROCEL), GAS HFC, CONTROLE S/FIO | F16: UND | G16: 1 | H16: 2088.2 | I16: =G16*H16 -> 2088.2
A17: TOTAL B | I17: =SUM(I15:I16) -> 4968.8667
A20: EQUIPAMENTOS
C21: DESCRIÇÃO | F21: UND | G21: COEF | H21: R$ UNIT. | I21: R$ PARCIAL
A23: TOTAL C | I23: =I22 -> 0
A25: RESUMO
A26: TOTAL A | I26: =I11 -> 0
A27: TOTAL B | I27: =I17 -> 4968.8667
A28: TOTAL C | I28: =I18 -> 0
A29: PREÇO DE VENDA = TOTAL (A+B+C) | I29: =SUM(I27:I27) -> 4968.8667

Sheet COMP-18
A1: COMPOSIÇÃO ANALÍTICA DE PREÇO UNITÁRIO | I1: Data-base
I3: 44287
I4: COMP-18
A5: SERVIÇO: Fornecimento e instalação de Ar Condicionado Split Inverter 18000 Btu/h | I5: UND: und
A7: MÃO-DE-OBRA
A8: CÓD. | B8: ORGÃO | C8: DESCRIÇÃO | F8: UND | G8: COEF | H8: R$ UNIT. | I8: R$ PARCIAL
A11: TOTAL A | I11: =I9+I10 -> 0
A13: MATERIAIS/ SERVIÇOS
A14: CÓD. | B14: ORGÃO | C14: DESCRIÇÃO | F14: UND | G14: COEF | H14: R$ UNIT. | I14: R$ PARCIAL
A15: COTAÇÃO 09 | C15: Instalação de ar Condicionado 18000 e 24000 Btu/h | F15: UND | G15: 1 | H15: =[1]COTAÇÕES!P15 -> 2897.3333 | I15: =H15*G15 -> 2897.3333
A16: 00042422 | B16: SINAPI | C16: AR CONDICIONADO SPLIT INVERTER, HI-WALL (PAREDE), 18000 BTU/H, CICLO FRIO, 60HZ, UN 2.920,00 CLASSIFICACAO A (SELO PROCEL), GAS HFC, CONTROLE S/FIO | F16: UND | G16: 1 | H16: 3100 | I16: =H16*G16 -> 3100
A17: TOTAL B | I17: =SUM(I15:I16) -> 5997.3333
A20: EQUIPAMENTOS
C21: DESCRIÇÃO | F21: UND | G21: COEF | H21: R$ UNIT. | I21: R$ PARCIAL
A23: TOTAL C | I23: =I22 -> 0
A25: RESUMO
A26: TOTAL A | I26: =I11 -> 0
A27: TOTAL B | I27: =I17 -> 5997.3333
A28: TOTAL C | I28: =I18 -> 0
A29: PREÇO DE VENDA = TOTAL (A+B+C) | I29: =SUM(I27:I27) -> 5997.3333

Sheet COMP-19
A1: COMPOSIÇÃO ANALÍTICA DE PREÇO UNITÁRIO | I1: Data-base
I3: 44287
I4: COMP-19
A5: SERVIÇO: Fornecimento e instalação de Ar Condicionado Split Inverter 24000 Btu/h | I5: UND: und
A7: MÃO-DE-OBRA
A8: CÓD. | B8: ORGÃO | C8: DESCRIÇÃO | F8: UND | G8: COEF | H8: R$ UNIT. | I8: R$ PARCIAL
A11: TOTAL A | I11: =I9+I10 -> 0
A13: MATERIAIS/ SERVIÇOS
A14: CÓD. | B14: ORGÃO | C14: DESCRIÇÃO | F14: UND | G14: COEF | H14: R$ UNIT. | I14: R$ PARCIAL
A15: COTAÇÃO 09 | C15: Instalação de ar Condicionado 18000 e 24000 Btu/h | F15: UND | G15: 1 | H15: =[1]COTAÇÕES!P15 -> 2897.3333 | I15: =H15*G15 -> 2897.3333
A16: 00043184 | B16: SINAPI | C16: AR CONDICIONADO SPLIT INVERTER, HI-WALL (PAREDE), 24000 BTU/H, CICLO FRIO, 60HZ, UN 4.035,72 CLASSIFICACAO A - SELO PROCEL, GAS HFC, CONTROLE S/FIO | F16: UND | G16: 1 | H16: 4284.49 | I16: =H16*G16 -> 4284.49
A17: TOTAL B | I17: =SUM(I15:I16) -> 7181.8233
A20: EQUIPAMENTOS
C21: DESCRIÇÃO | F21: UND | G21: COEF | H21: R$ UNIT. | I21: R$ PARCIAL
A23: TOTAL C | I23: =I22 -> 0
A25: RESUMO
A26: TOTAL A | I26: =I11 -> 0
A27: TOTAL B | I27: =I17 -> 7181.8233
A28: TOTAL C | I28: =I18 -> 0
A29: PREÇO DE VENDA = TOTAL (A+B+C) | I29: =SUM(I27:I27) -> 7181.8233

Sheet COMP-20
A1: COMPOSIÇÃO ANALÍTICA DE PREÇO UNITÁRIO | I1: Data-base
I3: 44287
I4: COMP-20
A5: SERVIÇO: Placa cimentícia assentado com argamassa de cimento colante | I5: UND: m2
A7: REFERÊNCIA: DER-ES 130219
A8: MÃO-DE-OBRA
A9: CÓD. | B9: ORGÃO | C9: DESCRIÇÃO | F9: UND | G9: COEF | H9: R$ UNIT. | I9: R$ PARCIAL
A10: 010139 | B10: DER-ES | C10: PEDREIRO - (OFICIAL - SINDUSCON) (LABOR) | E10: Encargo: 157,27% | F10: h | G10: 0.55 | H10: 17.85 | I10: =G10*H10 -> 9.8175
A11: 010146 | B11: DER-ES | C11: Servente | E11: Encargo: 157,27% | F11: h | G11: 0.42 | H11: 13.12 | I11: =G11*H11 -> 5.5104
A13: TOTAL A | I13: =I10+I11 -> 15.3279
A15: MATERIAIS/ SERVIÇOS
A16: CÓD. | B16: ORGÃO | C16: DESCRIÇÃO | F16: UND | G16: COEF | H16: R$ UNIT. | I16: R$ PARCIAL
A17: 020509 | B17: DER-ES | C17: Cimento Branco não estrututral | F17: kg | G17: 0.334 | H17: 3.86 | I17: =G17*H17 -> 1.28924
A18: 020510 | B18: DER-ES | C18: Cimento colante industrializado ACI | F18: kg | G18: 7.5 | H18: 0.7 | I18: =G18*H18 -> 5.25
A19: 00011062 | B19: SINAPI | C19: PLACA CIMENTICIA LISA E = 10 MM, DE 1,20 X 3,00 M (SEM AMIANTO) | F19: m2 | G19: 1 | H19: 56.59 | I19: =G19*H19 -> 56.59
A21: TOTAL B | I21: =SUM(I17:I20) -> 63.12924
A23: EQUIPAMENTOS
C24: DESCRIÇÃO | F24: UND | G24: COEF | H24: R$ UNIT. | I24: R$ PARCIAL
A27: TOTAL C | I27: =I25 -> 0
A29: RESUMO
A30: TOTAL A | I30: =I13 -> 15.3279
A31: TOTAL B | I31: =I21 -> 63.12924
A32: TOTAL C | I32: =I27 -> 0
A33: PREÇO DE VENDA = TOTAL (A+B+C) | I33: =SUM(I30:I32) -> 78.45714

Sheet COMP-21
A1: COMPOSIÇÃO ANALÍTICA DE PREÇO UNITÁRIO | I1: Data-base
I3: 44287
I4: COMP-21
A5: SERVIÇO: Saboneteira plástica tipo dispenser para sabonete líquido com reservatório 800 a 1500 ml, incluso fixação. | I5: UND: und
A7: REFERÊNCIA: SINAPI-ES 95547
A8: MÃO-DE-OBRA
A9: CÓD. | B9: ORGÃO | C9: DESCRIÇÃO | F9: UND | G9: COEF | H9: R$ UNIT. | I9: R$ PARCIAL
A10: 88267 | B10: SINAPI-ES | C10: ENCANADOR OU BOMBEIRO HIDRÁULICO COM ENCARGOS COMPLEMENTARES | E10: Encargo: 157,27% | F10: h | G10: 0.3162 | H10: =(18.8/1.8674)*2.5727 -> 25.900589 | I10: =G10*H10 -> 8.1897663
A11: 88316 | B11: SINAPI-ES | C11: SERVENTE COM ENCARGOS COMPLEMENTARES | E11: Encargo: 157,27% | F11: h | G11: 0.0996 | H11: =(14.98/1.8674)*2.5727 -> 20.63781 | I11: =G11*H11 -> 2.0555259
A13: TOTAL A | I13: =I10+I11 -> 10.245292
A15: MATERIAIS/ SERVIÇOS
A16: CÓD. | B16: ORGÃO | C16: DESCRIÇÃO | F16: UND | G16: COEF | H16: R$ UNIT. | I16: R$ PARCIAL
A17: 11758 | B17: SINAPI-ES | C17: SABONETEIRA PLASTICA TIPO DISPENSER PARA SABONETE LIQUIDO COM RESERVATORIO 800 A 1500 ML | F17: und | G17: 1 | H17: 60.95 | I17: =G17*H17 -> 60.95
A21: TOTAL B | I21: =SUM(I17:I20) -> 60.95
A23: EQUIPAMENTOS
C24: DESCRIÇÃO | F24: UND | G24: COEF | H24: R$ UNIT. | I24: R$ PARCIAL
A27: TOTAL C | I27: =I25 -> 0
A29: RESUMO
A30: TOTAL A | I30: =I13 -> 10.245292
A31: TOTAL B | I31: =I21 -> 60.95
A32: TOTAL C | I32: =I27 -> 0
A33: PREÇO DE VENDA = TOTAL (A+B+C) | I33: =SUM(I30:I32) -> 71.195292

Sheet COMP-22
A1: COMPOSIÇÃO ANALÍTICA DE PREÇO UNITÁRIO | I1: Data-base
I3: 44287
I4: COMP-22
A5: SERVIÇO: Papeleira de parede em metal cromado sem tampa, incluso fixação. | I5: UND: und
A7: REFERÊNCIA: SINAPI-ES 95544
A8: MÃO-DE-OBRA
A9: CÓD. | B9: ORGÃO | C9: DESCRIÇÃO | F9: UND | G9: COEF | H9: R$ UNIT. | I9: R$ PARCIAL
A10: 88267 | B10: SINAPI-ES | C10: ENCANADOR OU BOMBEIRO HIDRÁULICO COM ENCARGOS COMPLEMENTARES | E10: Encargo: 157,27% | F10: h | G10: 0.3162 | H10: =(18.8/1.8674)*2.5727 -> 25.900589 | I10: =G10*H10 -> 8.1897663
A11: 88316 | B11: SINAPI-ES | C11: SERVENTE COM ENCARGOS COMPLEMENTARES | E11: Encargo: 157,27% | F11: h | G11: 0.0996 | H11: =(14.98/1.8674)*2.5727 -> 20.63781 | I11: =G11*H11 -> 2.0555259
A13: TOTAL A | I13: =I10+I11 -> 10.245292
A15: MATERIAIS/ SERVIÇOS
A16: CÓD. | B16: ORGÃO | C16: DESCRIÇÃO | F16: UND | G16: COEF | H16: R$ UNIT. | I16: R$ PARCIAL
A17: 11703 | B17: SINAPI-ES | C17: PAPELEIRA DE PAREDE EM METAL CROMADO SEM TAMPA | F17: und | G17: 1 | H17: 25.03 | I17: =G17*H17 -> 25.03
A21: TOTAL B | I21: =SUM(I17:I20) -> 25.03
A23: EQUIPAMENTOS
C24: DESCRIÇÃO | F24: UND | G24: COEF | H24: R$ UNIT. | I24: R$ PARCIAL
A27: TOTAL C | I27: =I25 -> 0
A29: RESUMO
A30: TOTAL A | I30: =I13 -> 10.245292
A31: TOTAL B | I31: =I21 -> 25.03
A32: TOTAL C | I32: =I27 -> 0
A33: PREÇO DE VENDA = TOTAL (A+B+C) | I33: =SUM(I30:I32) -> 35.275292

Sheet COMP-23
A1: COMPOSIÇÃO ANALÍTICA DE PREÇO UNITÁRIO | I1: Data-base
I3: 44287
I4: COMP-23
A5: SERVIÇO: Porta papel toalha plástica tipo dispenser, capacidade para aproximadamente 750 folhas, incluso fixação. | I5: UND: und
A7: REFERÊNCIA: SINAPI-ES 95547
A8: MÃO-DE-OBRA
A9: CÓD. | B9: ORGÃO | C9: DESCRIÇÃO | F9: UND | G9: COEF | H9: R$ UNIT. | I9: R$ PARCIAL
A10: 88267 | B10: SINAPI-ES | C10: ENCANADOR OU BOMBEIRO HIDRÁULICO COM ENCARGOS COMPLEMENTARES | E10: Encargo: 157,27% | F10: h | G10: 0.3162 | H10: =(18.8/1.8674)*2.5727 -> 25.900589 | I10: =G10*H10 -> 8.1897663
A11: 88316 | B11: SINAPI-ES | C11: SERVENTE COM ENCARGOS COMPLEMENTARES | E11: Encargo: 157,27% | F11: h | G11: 0.0996 | H11: =(14.98/1.8674)*2.5727 -> 20.63781 | I11: =G11*H11 -> 2.0555259
A13: TOTAL A | I13: =I10+I11 -> 10.245292
A15: MATERIAIS/ SERVIÇOS
A16: CÓD. | B16: ORGÃO | C16: DESCRIÇÃO | F16: UND | G16: COEF | H16: R$ UNIT. | I16: R$ PARCIAL
B17: COTAÇÃO 10 | C17: Porta papel toalha plástica tipo dispenser, capacidade para aproximadamente 750 folhas | F17: und | G17: 1 | H17: ='COTAÇÕES '!P17 -> 49.906667 | I17: =G17*H17 -> 49.906667
A19: TOTAL B | I19: =SUM(I17:I18) -> 49.906667
A21: EQUIPAMENTOS
C22: DESCRIÇÃO | F22: UND | G22: COEF | H22: R$ UNIT. | I22: R$ PARCIAL
A25: TOTAL C | I25: =I23 -> 0
A27: RESUMO
A28: TOTAL A | I28: =I13 -> 10.245292
A29: TOTAL B | I29: =I19 -> 49.906667
A30: TOTAL C | I30: =I25 -> 0
A31: PREÇO DE VENDA = TOTAL (A+B+C) | I31: =SUM(I28:I30) -> 60.151959

Sheet COMP-24
A1: COMPOSIÇÃO ANALÍTICA DE PREÇO UNITÁRIO | I1: Data-base
I3: 44287
I4: COMP-24
A5: SERVIÇO: Espelho 4" x 2" com conector RJ 45 fêmea CAT. 6e | I5: UND: und
A7: REFERÊNCIA: SINAPI-ES 91937
A8: MÃO-DE-OBRA
A9: CÓD. | B9: ORGÃO | C9: DESCRIÇÃO | F9: UND | G9: COEF | H9: R$ UNIT. | I9: R$ PARCIAL
A10: 010101 | B10: DER-ES | C10: AJUDANTE (AJUDANTE PRATICO - SINDUSCON) (LABOR) | E10: Encargo: 157,27% | F10: h | G10: 0.21 | H10: 15.08 | I10: =G10*H10 -> 3.1668
A11: 010115 | B11: DER-ES | C11: ELETRICISTA (OFICIAL - SINDUSCON) (LABOR) | E11: Encargo: 157,27% | F11: h | G11: 0.21 | H11: 17.85 | I11: =G11*H11 -> 3.7485
A13: TOTAL A | I13: =I10+I11 -> 6.9153
A15: MATERIAIS/ SERVIÇOS
A16: CÓD. | B16: ORGÃO | C16: DESCRIÇÃO | F16: UND | G16: COEF | H16: R$ UNIT. | I16: R$ PARCIAL
A17: COTAÇÃO 13 | C17: ESPELHO 4X2" C/ 1 CONECTOR RJ-45 FEMEA CAT 6E | F17: und | G17: 1 | H17: 25.9 | I17: =G17*H17 -> 25.9
A19: TOTAL B | I19: =SUM(I17:I18) -> 25.9
A21: EQUIPAMENTOS
C22: DESCRIÇÃO | F22: UND | G22: COEF | H22: R$ UNIT. | I22: R$ PARCIAL
A25: TOTAL C | I25: =I23 -> 0
A27: RESUMO
A28: TOTAL A | I28: =I13 -> 6.9153
A29: TOTAL B | I29: =I19 -> 25.9
A30: TOTAL C | I30: =I25 -> 0
A31: PREÇO DE VENDA = TOTAL (A+B+C) | I31: =SUM(I28:I30) -> 32.8153

Sheet COMP-25
A1: COMPOSIÇÃO ANALÍTICA DE PREÇO UNITÁRIO | I1: Data-base
I3: 44287
I4: COMP-25
A5: SERVIÇO: Luminária arandela tipo tartaruga, de sobrepor, com 1 lâmpada led de 6W, - fornecimento e instalação. | I5: UND: und
A7: REFERÊNCIA: SINAPI-ES 97607
A8: MÃO-DE-OBRA
A9: CÓD. | B9: ORGÃO | C9: DESCRIÇÃO | F9: UND | G9: COEF | H9: R$ UNIT. | I9: R$ PARCIAL
A10: 88247 | B10: SINAPI-ES | C10: AUXILIAR DE ELETRICISTA COM ENCARGOS COMPLEMENTARES | E10: Encargo: 157,27% | F10: h | G10: 0.2299 | H10: =(17.46/1.8674)*2.5727 -> 24.054483 | I10: =G10*H10 -> 5.5301257
A11: 88264 | B11: SINAPI-ES | C11: ELETRICISTA COM ENCARGOS COMPLEMENTARES | E11: Encargo: 157,27% | F11: h | G11: 0.5518 | H11: =(22.54/1.8674)*2.5727 -> 31.053153 | I11: =G11*H11 -> 17.13513
A13: TOTAL A | I13: =I10+I11 -> 22.665256
A15: MATERIAIS/ SERVIÇOS
A16: CÓD. | B16: ORGÃO | C16: DESCRIÇÃO | F16: UND | G16: COEF | H16: R$ UNIT. | I16: R$ PARCIAL
A17: 38193 | B17: SINAPI-ES | C17: LAMPADA LED 6 W BIVOLT BRANCA, FORMATO TRADICIONAL (BASE E27) | F17: und | G17: 1 | H17: 8.68 | I17: =G17*H17 -> 8.68
A18: 38775 | B18: SINAPI-ES | C18: LUMINARIA TIPO TARTARUGA PARA AREA EXTERNA EM ALUMINIO, COM GRADE, PARA 1LAMPADA, BASE E27, POTENCIA MAXIMA 40/60 W (NAO INCLUI LAMPADA) | F18: und | G18: 1 | H18: 62.81 | I18: =G18*H18 -> 62.81
A19: TOTAL B | I19: =SUM(I17:I18) -> 71.49
A21: EQUIPAMENTOS
C22: DESCRIÇÃO | F22: UND | G22: COEF | H22: R$ UNIT. | I22: R$ PARCIAL
A25: TOTAL C | I25: =I23 -> 0
A27: RESUMO
A28: TOTAL A | I28: =I13 -> 22.665256
A29: TOTAL B | I29: =I19 -> 71.49
A30: TOTAL C | I30: =I25 -> 0
A31: PREÇO DE VENDA = TOTAL (A+B+C) | I31: =SUM(I28:I30) -> 94.155256

Sheet COMP-26
A1: COMPOSIÇÃO ANALÍTICA DE PREÇO UNITÁRIO | I1: Data-base
I3: 44287
I4: COMP-26
A5: SERVIÇO: Plantio de arbusto ou cerca viva | I5: UND: und
A7: REFERÊNCIA: SINAPI-ES 98509
A8: MÃO-DE-OBRA
A9: CÓD. | B9: ORGÃO | C9: DESCRIÇÃO | F9: UND | G9: COEF | H9: R$ UNIT. | I9: R$ PARCIAL
A10: 88316 | B10: SINAPI-ES | C10: SERVENTE COM ENCARGOS COMPLEMENTARES | E10: Encargo: 157,27% | F10: h | G10: 0.1018 | H10: =(14.98/1.8674)*2.5727 -> 20.63781 | I10: =G10*H10 -> 2.100929
A11: 88441 | B11: SINAPI-ES | C11: JARDINEIRO COM ENCARGOS COMPLEMENTARES | E11: Encargo: 157,27% | F11: h | G11: 0.0255 | H11: =(20.25/1.8674)*2.5727 -> 27.898241 | I11: =G11*H11 -> 0.71140514
A13: TOTAL A | I13: =SUM(I10:I12) -> 2.8123342
A15: MATERIAIS/ SERVIÇOS
A16: CÓD. | B16: ORGÃO | C16: DESCRIÇÃO | F16: UND | G16: COEF | H16: R$ UNIT. | I16: R$ PARCIAL
A17: 365 | B17: SINAPI-ES | C17: MUDA DE ARBUSTO FOLHAGEM, SANSAO-DO-CAMPO OU EQUIVALENTE DA REGIAO, H= *50 A 70* CM | F17: und | G17: 1 | H17: 35.63 | I17: =G17*H17 -> 35.63
A18: TOTAL B | I18: =SUM(I17:I17) -> 35.63
A20: EQUIPAMENTOS
C21: DESCRIÇÃO | F21: UND | G21: COEF | H21: R$ UNIT. | I21: R$ PARCIAL
A24: TOTAL C | I24: =SUM(I22:I23) -> 0
A26: RESUMO
A27: TOTAL A | I27: =I13 -> 2.8123342
A28: TOTAL B | I28: =I18 -> 35.63
A29: TOTAL C | I29: =I24 -> 0
A30: PREÇO DE VENDA = TOTAL (A+B+C) | I30: =SUM(I27:I29) -> 38.442334

Sheet COMP-27
A1: COMPOSIÇÃO ANALÍTICA DE PREÇO UNITÁRIO | I1: Data-base
I3: 44287
I4: COMP-27
A5: SERVIÇO: Plantio de palmeira com altura de muda menor ou igual a 2,00 m. | I5: UND: und
A7: REFERÊNCIA: SINAPI-ES 98516
A8: MÃO-DE-OBRA
A9: CÓD. | B9: ORGÃO | C9: DESCRIÇÃO | F9: UND | G9: COEF | H9: R$ UNIT. | I9: R$ PARCIAL
A10: 88316 | B10: SINAPI-ES | C10: SERVENTE COM ENCARGOS COMPLEMENTARES | E10: Encargo: 157,27% | F10: h | G10: 4.362 | H10: =(14.98/1.8674)*2.5727 -> 20.63781 | I10: =G10*H10 -> 90.022126
A11: 88441 | B11: SINAPI-ES | C11: JARDINEIRO COM ENCARGOS COMPLEMENTARES | E11: Encargo: 157,27% | F11: h | G11: 1.0905 | H11: =(20.25/1.8674)*2.5727 -> 27.898241 | I11: =G11*H11 -> 30.423032
A13: TOTAL A | I13: =SUM(I10:I12) -> 120.44516
A15: MATERIAIS/ SERVIÇOS
A16: CÓD. | B16: ORGÃO | C16: DESCRIÇÃO | F16: UND | G16: COEF | H16: R$ UNIT. | I16: R$ PARCIAL
A17: 38641 | B17: SINAPI-ES | C17: MUDA DE PALMEIRA, ARECA, H= *1,50* CM | F17: und | G17: 1 | H17: 86.2 | I17: =G17*H17 -> 86.2
A18: TOTAL B | I18: =SUM(I17:I17) -> 86.2
A20: EQUIPAMENTOS
C21: DESCRIÇÃO | F21: UND | G21: COEF | H21: R$ UNIT. | I21: R$ PARCIAL
A22: 91634 | B22: SINAPI-ES | C22: GUINDAUTO HIDRÁULICO, CAPACIDADE MÁXIMA DE CARGA 6500 KG, MOMENTO MÁXIMO DE CARGA 5,8 TM, ALCANCE MÁXIMO HORIZONTAL 7,60 M, INCLUSIVE CAMINHÃO TOCO PBT 9.700 KG, POTÊNCIA DE 160 CV - CHP DIURNO. AF_08/2015 | F22: CHP | G22: 0.2999 | H22: 147.99 | I22: =G22*H22 -> 44.382201
A23: 91635 | B23: SINAPI-ES | C23: GUINDAUTO HIDRÁULICO, CAPACIDADE MÁXIMA DE CARGA 6500 KG, MOMENTO MÁXIMO DE CARGA 5,8 TM, ALCANCE MÁXIMO HORIZONTAL 7,60 M, INCLUSIVE CAMINHÃO TOCO PBT 9.700 KG, POTÊNCIA DE 160 CV - CHI DIURNO. AF_08/2015 | F23: CHI | G23: 1.2252 | H23: 37.69 | I23: =G23*H23 -> 46.177788
A24: TOTAL C | I24: =SUM(I22:I23) -> 90.559989
A26: RESUMO
A27: TOTAL A | I27: =I13 -> 120.44516
A28: TOTAL B | I28: =I18 -> 86.2
A29: TOTAL C | I29: =I24 -> 90.559989
A30: PREÇO DE VENDA = TOTAL (A+B+C) | I30: =SUM(I27:I29) -> 297.20515

Sheet COMP-28
A1: COMPOSIÇÃO ANALÍTICA DE PREÇO UNITÁRIO | I1: Data-base
I3: 44287
I4: COMP-28
A5: SERVIÇO: TOMADA BAIXA DE EMBUTIR (2 MÓDULOS), 2P+T 10 A, INCLUINDO SUPORTE E PLACA FORNECIMENTO E INSTALAÇÃO | I5: UND: und
A7: REFERÊNCIA: SINAPI-ES 92006 / 92008 / 91946
A8: MÃO-DE-OBRA
A9: CÓD. | B9: ORGÃO | C9: DESCRIÇÃO | F9: UND | G9: COEF | H9: R$ UNIT. | I9: R$ PARCIAL
A10: 88247 | B10: SINAPI-ES | C10: AUXILIAR DE ELETRICISTA COM ENCARGOS COMPLEMENTARES | E10: Encargo: 157,27% | F10: h | G10: 0.409 | H10: =(17.46/1.8674)*2.5727 -> 24.054483 | I10: =G10*H10 -> 9.8382836
A11: 88264 | B11: SINAPI-ES | C11: ELETRICISTA COM ENCARGOS COMPLEMENTARES | E11: Encargo: 157,27% | F11: h | G11: =0.409+0.124 -> 0.533 | H11: =(22.54/1.8674)*2.5727 -> 31.053153 | I11: =G11*H11 -> 16.551331
A13: TOTAL A | I13: =SUM(I10:I12) -> 26.389614
A15: MATERIAIS/ SERVIÇOS
A16: CÓD. | B16: ORGÃO | C16: DESCRIÇÃO | F16: UND | G16: COEF | H16: R$ UNIT. | I16: R$ PARCIAL
A17: 38101 | B17: SINAPI-ES | C17: TOMADA 2P+T 10A, 250V (APENAS MODULO) | F17: und | G17: 2 | H17: 7.87 | I17: =G17*H17 -> 15.74
A18: 38094 | B18: SINAPI-ES | C18: ESPELHO / PLACA DE 3 POSTOS 4" X 2", PARA INSTALACAO DE TOMADAS E INTERRUPTORES | F18: und | G18: 1 | H18: 2.93 | I18: =G18*H18 -> 2.93
A19: 38099 | B19: SINAPI-ES | C19: SUPORTE DE FIXACAO PARA ESPELHO / PLACA 4" X 2", PARA 3 MODULOS, PARA INSTALACAO DE TOMADAS E INTERRUPTORES (SOMENTE SUPORTE) | F19: und | G19: 1 | H19: 1.52 | I19: =G19*H19 -> 1.52
A21: TOTAL B | I21: =SUM(I17:I19) -> 20.19
A23: EQUIPAMENTOS
C24: DESCRIÇÃO | F24: UND | G24: COEF | H24: R$ UNIT. | I24: R$ PARCIAL
A27: TOTAL C | I27: =SUM(I25:I26) -> 0
A29: RESUMO
A30: TOTAL A | I30: =I13 -> 26.389614
A31: TOTAL B | I31: =I21 -> 20.19
A32: TOTAL C | I32: =I27 -> 0
A33: PREÇO DE VENDA = TOTAL (A+B+C) | I33: =SUM(I30:I32) -> 46.579614

Sheet COMP-29
A1: COMPOSIÇÃO ANALÍTICA DE PREÇO UNITÁRIO | I1: Data-base
I3: 44287
I4: COMP-29
A5: SERVIÇO: TOMADA MÉDIA DE EMBUTIR (2 MÓDULOS), 2P+T 10 A, INCLUINDO SUPORTE E PLACA FORNECIMENTO E INSTALAÇÃO | I5: UND: und
A7: REFERÊNCIA: SINAPI-ES 92004 / 92002 / 91946
A8: MÃO-DE-OBRA
A9: CÓD. | B9: ORGÃO | C9: DESCRIÇÃO | F9: UND | G9: COEF | H9: R$ UNIT. | I9: R$ PARCIAL
A10: 88247 | B10: SINAPI-ES | C10: AUXILIAR DE ELETRICISTA COM ENCARGOS COMPLEMENTARES | E10: Encargo: 157,27% | F10: h | G10: 0.555 | H10: =(17.46/1.8674)*2.5727 -> 24.054483 | I10: =G10*H10 -> 13.350238
A11: 88264 | B11: SINAPI-ES | C11: ELETRICISTA COM ENCARGOS COMPLEMENTARES | E11: Encargo: 157,27% | F11: h | G11: =0.555+0.124 -> 0.679 | H11: =(22.54/1.8674)*2.5727 -> 31.053153 | I11: =G11*H11 -> 21.085091
A13: TOTAL A | I13: =SUM(I10:I12) -> 34.435329
A15: MATERIAIS/ SERVIÇOS
A16: CÓD. | B16: ORGÃO | C16: DESCRIÇÃO | F16: UND | G16: COEF | H16: R$ UNIT. | I16: R$ PARCIAL
A17: 38101 | B17: SINAPI-ES | C17: TOMADA 2P+T 10A, 250V (APENAS MODULO) | F17: und | G17: 2 | H17: 7.87 | I17: =G17*H17 -> 15.74
A18: 38094 | B18: SINAPI-ES | C18: ESPELHO / PLACA DE 3 POSTOS 4" X 2", PARA INSTALACAO DE TOMADAS E INTERRUPTORES | F18: und | G18: 1 | H18: 2.93 | I18: =G18*H18 -> 2.93
A19: 38099 | B19: SINAPI-ES | C19: SUPORTE DE FIXACAO PARA ESPELHO / PLACA 4" X 2", PARA 3 MODULOS, PARA INSTALACAO DE TOMADAS E INTERRUPTORES (SOMENTE SUPORTE) | F19: und | G19: 1 | H19: 1.52 | I19: =G19*H19 -> 1.52
A21: TOTAL B | I21: =SUM(I17:I19) -> 20.19
A23: EQUIPAMENTOS
C24: DESCRIÇÃO | F24: UND | G24: COEF | H24: R$ UNIT. | I24: R$ PARCIAL
A27: TOTAL C | I27: =SUM(I25:I26) -> 0
A29: RESUMO
A30: TOTAL A | I30: =I13 -> 34.435329
A31: TOTAL B | I31: =I21 -> 20.19
A32: TOTAL C | I32: =I27 -> 0
A33: PREÇO DE VENDA = TOTAL (A+B+C) | I33: =SUM(I30:I32) -> 54.625329

Sheet COMP-30
A1: COMPOSIÇÃO ANALÍTICA DE PREÇO UNITÁRIO | I1: Data-base
I3: 44287
I4: COMP-30
A5: SERVIÇO: LIMPEZA DE SUPERFÍCIE COM JATO DE ALTA PRESSÃO. | I5: UND: und
A7: REFERÊNCIA: SINAPI-ES 99814
A8: MÃO-DE-OBRA
A9: CÓD. | B9: ORGÃO | C9: DESCRIÇÃO | F9: UND | G9: COEF | H9: R$ UNIT. | I9: R$ PARCIAL
A10: 88316 | B10: SINAPI-ES | C10: SERVENTE COM ENCARGOS COMPLEMENTARES | E10: Encargo: 157,27% | F10: h | G10: 0.089 | H10: =(14.98/1.8674)*2.5727 -> 20.63781 | I10: =G10*H10 -> 1.8367651
A12: TOTAL A | I12: =SUM(I10:I11) -> 1.8367651
A14: MATERIAIS/ SERVIÇOS
A15: CÓD. | B15: ORGÃO | C15: DESCRIÇÃO | F15: UND | G15: COEF | H15: R$ UNIT. | I15: R$ PARCIAL
A16: 99833 | B16: SINAPI-ES | C16: LAVADORA DE ALTA PRESSAO (LAVA-JATO) PARA AGUA FRIA, PRESSAO DE OPERACAO ENTRE 1400 E 1900 LIB/POL2, VAZAO MAXIMA ENTRE 400 E 700 L/H - CHP DIURNO. AF_04/2019 | F16: h | G16: 0.015 | H16: 1.26 | I16: =G16*H16 -> 0.0189
A19: TOTAL B | I19: =SUM(I16:I17) -> 0.0189
A21: EQUIPAMENTOS
C22: DESCRIÇÃO | F22: UND | G22: COEF | H22: R$ UNIT. | I22: R$ PARCIAL
A25: TOTAL C | I25: =SUM(I23:I24) -> 0
A27: RESUMO
A28: TOTAL A | I28: =I12 -> 1.8367651
A29: TOTAL B | I29: =I19 -> 0.0189
A30: TOTAL C | I30: =I25 -> 0
A31: PREÇO DE VENDA = TOTAL (A+B+C) | I31: =SUM(I28:I30) -> 1.8556651

Sheet COTAÇÕES 
B1: PREFEITURA MUNICIPAL DE JOÃO NEIVA
B2: COTAÇÕES
B3: OBRA: CONSTRUÇÃO DO CRAS NO MUNICÍPIO DE JOÃO NEIVA
B4: LOCAL: JOÃO NEIVA-ES
B5: ORÇAMENTISTA: JEFYSON SILVA LOUREIRO - ENGENHEIRO CIVIL - CREA/ES 0047233/D
A6: NÚMERO | B6: ITEM PLANILHA | C6: DESCRIÇÃO | D6: FORNECEDOR 1 | E6: CONTATO | F6: PREÇO | G6: DATA | H6: FORNECEDOR 2 | I6: CONTATO | J6: PREÇO | K6: DATA | L6: FORNECEDOR 3 | M6: CONTATO | N6: PREÇO | O6: DATA | P6: MÉDIA | Q6: OBSERVAÇÕES
A8: 1 | B8: 6.1.2 | C8: Kit Porta de correr de madeira lisa 90,5 x 213 cm, Natural | D8: Americanas | E8: https://www.americanas.com.br/produto/14284064/kit-porta-de-correr-pe-91-esel-2-10mx90cmx12cm-angelim-direita?opn=YSMESP&WT.srch=1&sellerid=10490181000135&epar=bp_pl_00_go_todos-os-produtos_geral_gmv&acc=e789ea56094489dffd798f86ff51c7a9&i=56424cdf6ed24cafb5b640a0&o=576b0591eec3dfb1f8f99cf8&gclid=EAIaIQobChMI892vmd3B8AIV8DizAB3FAwM1EAQYAiABEgIbBPD_BwE&cor=Natural&tamanho=213cm%20x%2090%2C5cm | F8: 911.7 | G8: 44327 | H8: Madeira Madeira | I8: https://www.madeiramadeira.com.br/kit-porta-de-madeira-correr-lisa-pe91-gold-esel-213cmx90-5cmx12cm-112838.html?origem=pla-112838&utm_source=google&utm_medium=cpc&utm_content=kit-porta-pronta&utm_term=&utm_id=10449640969&gclid=EAIaIQobChMI892vmd3B8AIV8DizAB3FAwM1EAQYASABEgJ83fD_BwE&taxonomy.lvl0=Portas__e__Janelas | J8: 869.43 | K8: 44327 | L8: Magazine Luiza | M8: https://www.magazineluiza.com.br/kit-porta-de-madeira-correr-lisa-pe91-gold-esel-213cmx905cmx12cm-natural/p/8497033/cj/prts/?&seller_id=madeiramadeira-openapi&&utm_source=google&utm_medium=pla&utm_campaign=&partner_id=58940&gclid=EAIaIQobChMIuvHjxN3B8AIVrMiUCR3QaAF1EAQYAiABEgK7M_D_BwE | N8: 915.19 | O8: 44327 | P8: =(F8+J8+N8)/3 -> 898.77333 | Q8: Não foi considerado frete
A9: 2 | B9: 6.1.4 | C9: Kit Porta de correr de madeira lisa 100 x 210 cm, Natural | D9: GG Portas | E9: (27) 99235-5356 Atendente:Simone Local: Santa Teresa (ES) | F9: 1815 | G9: 44336 | H9: Mendes Esquadrias | I9: (27) 98119-1002 Atendente: Nandir Mendes Local: João Neiva (ES) | J9: 1397 | K9: 44337 | L9: Mavan Madeiras | M9: (27) 3348-6488 Atendente: José Leite Local: Serra (ES) | N9: 1480 | O9: 44342 | P9: =(F9+J9+N9)/3 -> 1564 | Q9: Não foi considerado frete
A10: 3 | B10: 7.1.3 | C10: Gradil galvanizado revestido com pintura eletrostática na cor branca em poliéster | D10: Esquadrex | E10: e-mail: priscila@esquadrex.com.br Atendente: Priscila Local: São Paulo (SP) | F10: 18896.64 | G10: 44329 | H10: Grademaxx | I10: e-mail:arlnascimento@grademaxx.com.br Atendente: Allan Nascimento Local: Guarulhos (SP) | J10: 20380.52 | K10: 44333 | L10: Total Telas | M10: e-mail:eonardo@totaltelas.com.br Atendente: Leonardo Guilher Schneider Local: Curitiba (PR) | N10: 19044.63 | O10: 44333 | P10: =(F10+J10+N10)/3 -> 19440.597 | Q10: Não foi considerado frete
A11: 4 | B11: 9.1.3 | C11: Cobertura em tela sombreiro com estrutura metálica | D11: Alfa Coberturas | E11: (11) 5891-0252 Atendente: Sara Local: São Paulo (SP) | F11: 6800 | G11: 44328 | H11: Fortfax | I11: e-mail: contato@fortfax.com.br Atendente: George Ramos Local: São Paulo (SP) | J11: 7500 | K11: 44328 | L11: Uniarts Toldos e Coberturas | M11: (28) 99959-9089 Atendente: Daniele Local: Cachoeiro de Itapemirim (ES) | N11: 9000 | O11: 44330 | P11: =(F11+J11+N11)/3 -> 7766.6667 | Q11: Não foi considerado frete
A12: 5 | B12: 13.2.5 13.3.4 | C12: Granito Preto São Gabriel | D12: L&L Marmoraria | E12: (27) 99896-4716 Atendente: Lucas Local: Colatina (ES) | F12: 350 | G12: 44328 | H12: Decorart Granitos | I12: (27) 99868-9311 Atendente: Wesley Local: João Neiva (ES) | J12: 300 | K12: 44329 | L12: Gold Stone | M12: (27) 99826-7617 Atendente: Celso Mandelli Local: Ibiraçu (ES) | N12: 300 | O12: 44329 | P12: =(F12+J12+N12)/3 -> 316.66667 | Q12: Não foi considerado frete
A13: 6 | B13: 18.3.1 | C13: Painel de LED de embutir quadrado, 30x30cm, 24w, 4000k, Avant ou similar | D13: Ismafer Ferramentas | E13: https://www.ismafer.com.br/MLB-1547067509-painel-plafon-led-24w-quadrado-embutir-branco-neutro-_JM?variation=78806764363&gclid=EAIaIQobChMIv7j4ns3B8AIVCuDICh1NEwsxEAQYCCABEgKMrPD_BwE | F13: 49 | G13: 44327 | H13: Madeira Madeira | I13: https://www.madeiramadeira.com.br/painel-plafon-led-embutir-24w-quadrado-branco-neutro-4000k-2164787.html?seller=4697&origem=pla-2164787&utm_source=google&utm_medium=cpc&utm_content=plafons-led-606&utm_term=&utm_id=6448165818&gclid=EAIaIQobChMIv7j4ns3B8AIVCuDICh1NEwsxEAQYFSABEgIVhfD_BwE | J13: 58.88 | K13: 44327 | L13: Telhanorte | M13: https://www.telhanorte.com.br/led-painel-pop-embutir-quadrado-30x30-ne-4000k-24w-bivolt-1680-avant-1774948/p?idsku=1774948&gclid=EAIaIQobChMIv7j4ns3B8AIVCuDICh1NEwsxEAQYKCABEgLxKPD_BwE | N13: 63.9 | O13: 44327 | P13: =(F13+J13+N13)/3 -> 57.26 | Q13: Não foi considerado frete
A14: 7 | B14: 21.1.3 | C14: Guarda corpo com corrimão em aço inox, fornecimento e instalação | D14: Multinoxx | E14: (27) 99988-3536 Atendente: Lucinéia Local: Vila Velha (ES) | F14: 6620 | G14: 44379 | H14: MetalOne | I14: (27) 99873-4219 Atendente: Robert Silva Local: Serra (ES) | J14: 8580 | K14: 44378 | L14: Sudesteinox | M14: (27) 98860-7174 Atendente: Alexander Local: Vila Velha (ES) | N14: 8500 | O14: 44382 | P14: =(F14+J14+N14)/3 -> 7900
A15: 8 | B15: 21.1.4 21.1.5 | C15: Instalação de ar condicionado split 9000 e 12000 Btu/h | D15: Ismatec Inst & Aut | E15: (27) 99245-1274 Atendente: Ivan Pimenta Local: Vitória (ES) | F15: 2790 | G15: 44319 | H15: Beta Engenharia | I15: (27) 99532-1741 Atendente: Dyon Eny Local: Vitória (ES) | J15: 3278 | K15: 44321 | L15: HyperClima Ar Cond. & Elet. | M15: e-mail:hyperclima.es@gmail.com Local: Serra (ES) | N15: 2574 | O15: 44326 | P15: =(F15+J15+N15)/3 -> 2880.6667
A16: 9 | B16: 21.1.6 21.1.7 | C16: Instalação de ar condicionado split 18000 e 24000 Btu/h | D16: Ismatec Inst & Aut | E16: (27) 99245-1274 Atendente: Ivan Pimenta Local: Vitória (ES) | F16: 2790 | G16: 44319 | H16: Beta Engenharia | I16: (27) 99532-1741 Atendente: Dyon Eny Local: Vitória (ES) | J16: 3278 | K16: 44321 | L16: HyperClima Ar Cond. & Elet. | M16: e-mail:hyperclima.es@gmail.com Local: Serra (ES) | N16: 2624 | O16: 44326 | P16: =(F16+J16+N16)/3 -> 2897.3333
A17: 10 | B17: 21.1.11 | C17: Porta papel toalha plástica tipo dispenser, capacidade para aproximadamente 750 folhas | D17: Americanas | E17: https://www.americanas.com.br/produto/1978061482/dispenser-p-papel-toalha-velox-premisse-branco?WT.srch=1&acc=e789ea56094489dffd798f86ff51c7a9&epar=bp_pl_00_go_todos-os-produtos_geral_gmv&gclid=Cj0KCQjwqrb7BRDlARIsACwGad7MVi73ugrkWG5jAIN6yU4ecz3MaOidsVcftGdHkCKENgGQh0EW_SUaAvy-EALw_wcB&i=57f47f15eec3dfb1f844c030&o=5f455abbf8e95eac3d12846b&opn=YSMESP&sellerid=3899421000194#info-section | F17: 50.52 | G17: 44369 | H17: Kalunga | I17: https://www.kalunga.com.br/prod/dispenser-papel-toalha-interfolhado-branco-c19533-premisse-cx-1-un/324175?pcID=39&gclid=Cj0KCQjwqrb7BRDlARIsACwGad6HO2dT5IOnuzBk8d55FZvxHn7u8z-LvSHzV70iwJALgCLUeG6uVL4aAqcFEALw_wcB | J17: 45.2 | K17: 44369 | L17: Submarino | M17: https://www.submarino.com.br/produto/1978061482/dispenser-p-papel-toalha-velox-premisse-branco?WT.srch=1&acc=d47a04c6f99456bc289220d5d0ff208d&epar=bp_pl_00_go_pla_aic_geral_gmv&gclid=Cj0KCQjwqrb7BRDlARIsACwGad5qhu8e-MVC7waZ4lS8pgcaHr3VGGgI1Hi8l7aEO5_d5nqDgqwGn4MaAtmxEALw_wcB&i=57f4b679eec3dfb1f84b1089&o=5f455f6bf8e95eac3d12bcdd&opn=XMLGOOGLE&sellerid=3899421000194 | N17: 54 | O17: 44369 | P17: =(F17+J17+N17)/3 -> 49.906667 | Q17: Não foi considerado frete
A18: 11 | B18: 20.4.5 | C18: Marquise atirantada em estrutura metálica com calha, fechamento em ACM, forro em ACM, e letreiro em aço inox, fornecimento e instalação | D18: Aquarela Comunicação Visual | E18: (27) 99898-2100 Atendente: Roni Local: Aracruz (ES) | F18: 10120 | G18: 44343 | H18: Tony Acabamentos | I18: (27) 98142-0176 Atendente: Gabriel Local: Linhares (ES) | J18: 13359 | K18: 44377 | L18: Visualize Comunicação Visual | M18: (27) 99806-8110 Atendente: Lúcio Chaves Local: Aracruz (ES) | N18: 11650 | O18: 44383 | P18: =(F18+J18+N18)/3 -> 11709.667
A19: 12 | B19: 21.1.14 | C19: Fornecimento e Instalação de Plataforma Elevatória de Acessibilidade | D19: Mobilitá Elevadores | E19: vendas@mobilitaelevadores.com.br Atendente: Ana Local: Atiabaia (SP) | F19: 27200 | G19: 44375 | H19: Montele Elevadores | I19: clara.paiva@montele.ind.br Atendente: Clara Paiva Local: Contagem (MG) | J19: 57657.4 | K19: 44377 | L19: RBA Elevadores | M19: eliane@rbaelevadores.com.br Atendente: Eliane Local: São José do Rio Preto (SP) | N19: 59700 | O19: 44377 | P19: =(F19+J19+N19)/3 -> 48185.8
A20: 13 | B20: 16.3.1 | C20: Espelho 4" x 2" com conector RJ 45 fêmea CAT. 6e | D20: Via Inox | E20: https://www.viainox.com/conjunto-1-tomada-rj-45-cat-6-4x2-liz/p?utm_source=google&utm_medium=cpc&utm_campaign=shopping&gclid=CjwKCAjw_o-HBhAsEiwANqYhp8x32TM5FtfJvu0Nc7bhfDZn6lLpQi0H88h_TJXjUFwcwunNMl4xbBoC-ZIQAvD_BwE | F20: 19.41 | G20: 44383 | H20: Tramontina Store | I20: https://www.tramontinastore.com/conjunto-4x2-com-1-tomada-rj45-cat--6-tramontina-liz-branco_57170022/p?idsku=57170022&gclid=EAIaIQobChMI9ZbundrO8QIVFAeRCh3iYADmEAQYASABEgK0fvD_BwE | J20: 28.4 | K20: 44383 | L20: Dular | M20: https://www.dular.com.br/conjunto-4x2-com-1-tomada-rj45-cat--6-tramontina-liz-branco-2147450702/p?idsku=2147459374&idtag=a7c38a3d-91af-4fa9-9229-26e175a26d9f&idtag=351ba9af-063c-4145-be84-9eb7ce22bd10&gclid=EAIaIQobChMI9ZbundrO8QIVFAeRCh3iYADmEAsYByABEgK6l_D_BwE | N20: 29.9 | O20: 44383 | P20: =(F20+J20+N20)/3 -> 25.903333 | Q20: Não foi considerado frete
